 Dungeon Crawl Stone Soup version 0.31-a0-1009-g454b1f1e0a (webtiles) character file.

Game seed: 8378903503327701491

1476196 mopl the Sorcerer (level 27, -2/188 HPs)
             Began as a Deep Elf Fire Elementalist on Nov 9, 2023.
             Was the Champion of Vehumet.
             Killed by a royal mummy's death curse (33 damage)
             ... on level 16 of a ziggurat on Nov 14, 2023.
             The game lasted 07:06:17 (91393 turns).

mopl the Sorcerer (Deep Elf Fire Elementalist)     Turns: 91393, Time: 07:06:17

Health: -2/188     AC: 19    Str:  2 (6)  XL:     27
Magic:  55/55      EV: 35    Int: 39      God:    Vehumet [******]
Gold:   14766      SH: 33    Dex: 25      Spells: 9/78 levels left

rFire   + + .        a - staff of fire
rCold   + + .        R - +8 tower shield {rC+ rF+}
rNeg    + + +        L - +2 robe of Curiosity {Regen+ Archmagi}
rPois   +            Z - +0 mask of the Dragon {Will+ Slay+3 SInv}
rElec   +            F - +2 cloak of a ziggurat {rN+ Str+2}
rCorr   .            S - +0 pair of fencer's gloves {Riposte Dex+3}
SInv    +            n - +3 pair of mountain boots {steadfast, rC+}
Will    +++..        u - amulet of Symmetry {RegenMP Regen+ Int+2}
Stlth   +++++        W - ring of Spontaneous Combustion {rPois EV+5 Int+3 Dex+3 SInv}
HPRegen 2.11/turn    D - ring of Uskuuzev {Drain rElec rN++ AC+4}
MPRegen 0.74/turn

%: clarity, archmagi
@: brilliant, very slightly contaminated, hasted and slowed, studying 8 skills
A: antennae 1, agile 1, clarity, shaggy fur 1
}: 15/15 runes: decaying, slimy, silver, golden, iron, obsidian, icy, bone,
abyssal, demonic, glowing, magical, fiery, dark, gossamer
a: Renounce Religion


You were on level 16 of a ziggurat.
You worshipped Vehumet.
Vehumet was exalted by your worship.
You visited 18 branches of the dungeon, and saw 88 of its levels.
You visited Pandemonium 2 times, and saw 25 of its levels.
You visited the Abyss 1 time.
You visited 2 ziggurats (completing 1), and saw 43 of their levels.
You also visited: Sewer and Wizlab.

You collected 21633 gold pieces.
You spent 6867 gold pieces at shops.

Inventory:

Hand Weapons
 U - the +8 arc blade {discharge, rElec}
   (You found it on level 20 of a ziggurat)

   rElec:     It insulates you from electricity.
Missiles
 c - 16 javelins
 j - 31 silver javelins
 A - 12 throwing nets
 J - 3 atropa-tipped darts
Armour
 n - the +3 pair of mountain boots (worn) {steadfast, rC+}
   (You bought it in a shop on level 4 of the Depths)

   Steadfast: It prevents involuntary movement, except for blinking,
   teleportation, or banishment.
   rC+:       It protects you from cold.
 F - the +2 cloak of a ziggurat (worn) {rN+ Str+2}
   (You found it on level 7 of a ziggurat)

   Str+2:     It affects your strength (+2).
   rN+:       It protects you from negative energy.
 L - the +2 robe of Curiosity (worn) {Regen+ Archmagi}
   (You found it on level 6 of the Dungeon)

   Regen+:    It increases your rate of health regeneration.
   Archmagi:  It increases the power of your magical spells.
 R - a +8 tower shield of resistance (worn)
 S - the +0 pair of fencer's gloves (worn) {Riposte Dex+3}
   (You found it on level 14 of the Dungeon)

   Riposte:   It allows the wearer to riposte with melee weapons, swiftly
   retaliating against missed or blocked melee attacks.
   Dex+3:     It affects your dexterity (+3).
 Z - the +0 mask of the Dragon (worn) {Will+ Slay+3 SInv}
   (You found it on level 3 of the Elven Halls)

   Slay+3:    It affects your accuracy & damage with ranged weapons and melee
   (+3).
   Will+:     It increases your willpower.
   SInv:      It lets you see invisible.
Magical Staves
 a - a staff of fire (weapon)
Jewellery
 u - the amulet of Symmetry (around neck) {RegenMP Regen+ Int+2}
   (You found it on level 6 of a ziggurat)

   [amulet of magic regeneration]

   RegenMP:   It increases your rate of magic regeneration.
   Int+2:     It affects your intelligence (+2).
   Regen+:    It increases your rate of health regeneration.
 v - the amulet of Laheh {Will+ Regen+ MP+9 Str+3 SInv}
   (You found it on level 14 of a ziggurat)

   [amulet of regeneration]

   Str+3:     It affects your strength (+3).
   Will+:     It increases your willpower.
   MP+9:      It affects your magic capacity (+9).
   SInv:      It lets you see invisible.
   Regen+:    It increases your rate of health regeneration.
 y - the macabre finger necklace {Finger+ rN+}
   (You found it on level 14 of a ziggurat)

   [amulet of nothing]

   Finger+:   It enables you to equip an extra ring.
   rN+:       It protects you from negative energy.
 C - the ring "Xuqat" {rF+ rCorr Str+4 Int+6}
   (You found it in a wizard's laboratory)

   [ring of intelligence]

   Str+4:     It affects your strength (+4).
   Int+6:     It affects your intelligence (+6).
   rF+:       It protects you from fire.
   rCorr:     It protects you from acid and corrosion.
 D - the ring of Uskuuzev (right hand) {Drain rElec rN++ AC+4}
   (You found it on level 5 of the Pits of Slime)

   [ring of protection]

   AC+4:      It affects your AC (+4).
   rElec:     It insulates you from electricity.
   rN++:      It greatly protects you from negative energy.
   Drain:     It drains your maximum health when unequipped.
 W - the ring of Spontaneous Combustion (left hand) {rPois EV+5 Int+3 Dex+3 SInv}
   (You found it on level 5 of the Vaults)

   [ring of evasion]

   EV+5:      It affects your evasion (+5).
   Int+3:     It affects your intelligence (+3).
   Dex+3:     It affects your dexterity (+3).
   rPois:     It protects you from poison SInv: It lets you see invisible.
 X - a ring of flight
Wands
 d - a wand of quicksilver (138)
 O - a wand of iceblast (153)
 V - a wand of digging (80)
Scrolls
 f - 13 scrolls of vulnerability
 g - 53 scrolls of teleportation
 i - 15 scrolls of poison
 l - 2 scrolls of amnesia
 p - 2 scrolls of torment {!r}
 q - a scroll of enchant armour
 s - 9 scrolls of blinking
 t - 10 scrolls of enchant weapon
 x - 15 scrolls of immolation
 G - 27 scrolls of fog
 I - 10 scrolls of revelation
 P - 9 scrolls of butterflies
 Y - 14 scrolls of fear
Potions
 b - 8 potions of ambrosia
 e - 9 potions of cancellation
 h - 27 potions of curing
 k - 10 potions of heal wounds
 m - 10 potions of invisibility
 r - 11 potions of enlightenment
 z - 12 potions of lignification {!q}
 B - 31 potions of mutation {!q}
 E - 11 potions of brilliance
 H - 9 potions of haste
 Q - 8 potions of magic
 T - 9 potions of resistance
Miscellaneous
 o - a phial of floods
 w - a lightning rod (4/4)
 K - the horn of Geryon


   Skills:
 + Level 23.0 Fighting
 * Level 22.4 Short Blades
 - Level 12.0 Staves
 - Level 25.0 Throwing
 - Level 10.0 Armour
 - Level 21.0 Dodging
 - Level 10.0 Stealth
 + Level 22.0 Shields
 - Level 26.0 Spellcasting
 - Level 25.0 Conjurations
 - Level 20.0 Translocations
 - Level 5.0 Transmutations
 - Level 25.0 Fire Magic
 - Level 24.0 Ice Magic
 - Level 17.0 Air Magic
 - Level 26.0 Earth Magic
 - Level 18.0 Evocations
 + Level 16.1 Shapeshifting


You had 9 spell levels left.
You knew the following spells:

 Your Spells              Type           Power      Damage    Failure   Level
a - Brom's Barrelling Bo  Conj/Erth      100%       2d11      0%          4
b - Ignition              Fire           100%       3d25      1%          8
d - Polar Vortex          Ice            88%        12d11*    2%          9
e - Blink                 Tloc           100%       N/A       0%          2
f - Fire Storm            Conj/Fire      100%       8d25      1%          9
g - Orb of Destruction    Conj           89%        9d19      1%          7
i - Irradiate             Conj/Tmut      77%        3d37      1%          5
v - Shatter               Erth           90%        3d65*     1%          9
D - Disjunction           Tloc           84%        N/A       3%          8
M - Maxwell's Capacitive  Air            80%        ∞         3%          8

Your spell library contained the following spells:

 Spells                   Type           Power      Damage    Failure   Level
 Apportation              Tloc           100%       N/A       0%          1
 Foxfire                  Conj/Fire      100%       2x1d9     0%          1
 Kiss of Death            Conj/Necr      100%       2d13      0%          1
 Magic Dart               Conj           100%       1d8       0%          1
 Sandblast                Erth           100%       2d20      0%          1
 Shock                    Conj/Air       100%       1d9       0%          1
 Lesser Beckoning         Tloc           100%       N/A       0%          2
 Momentum Strike          Conj/Tloc      100%       3d10      0%          2
 Passwall                 Tmut/Erth      100%       N/A       0%          2
 Scorch                   Fire           100%       2d9       0%          2
 Searing Ray              Conj           100%       2d8       0%          2
 Static Discharge         Conj/Air       100%       3-8/arc   0%          2
 Frozen Ramparts          Ice            100%       1d16      0%          3
 Gell's Gravitas          Tloc           100%       N/A       0%          3
 Hailstorm                Conj/Ice       100%       3d20      0%          3
 Mephitic Cloud           Conj/Pois/Air  100%       N/A       0%          3
 Ozocubu's Armour         Ice            100%       N/A       0%          3
 Stone Arrow              Conj/Erth      100%       3d13      0%          3
 Swiftness                Air            100%       N/A       0%          3
 Teleport Other           Tloc           100%       N/A       0%          3
 Volatile Blastmotes      Fire/Tloc      100%       2d18      0%          3
 Airstrike                Air            80%        2d(12-28) 0%          4
 Flame Wave               Conj/Fire      100%       2d21      0%          4
 Iskenderun's Mystic Bla  Conj/Tloc      100%       2d19      0%          4
 Passage of Golubria      Tloc           100%       N/A       0%          4
 Sticky Flame             Conj/Fire      100%       2d11      0%          4
 Vhi's Electric Charge    Tloc/Air       100%       N/A       0%          4
 Arcjolt                  Conj/Air       85%        1d95      0%          5
 Fireball                 Conj/Fire      100%       3d36      0%          5
 Freezing Cloud           Conj/Ice/Air   86%        6-21      0%          5
 Iskenderun's Battlesphe  Conj           100%       2d15      0%          5
 Lee's Rapid Deconstruct  Erth           90%        3d40*     0%          5
 Bombard                  Conj/Erth      90%        9d14      0%          6
 Starburst                Conj/Fire      100%       6d25      0%          6
 Necrotise                Necr           100%       1d9       1%          1
 Slow                     Hex            100%       N/A       1%          1
 Sting                    Tmut/Pois      100%       1d8       1%          1
 Summon Small Mammal      Summ           100%       N/A       1%          1
 Cigotuvi's Dreadful Rot  Necr/Pois/Air  100%       N/A       1%          2
 Ensorcelled Hibernation  Hex/Ice        100%       N/A       1%          2
 Poisonous Vapours        Pois/Air       100%       N/A       1%          2
 Wereblood                Tmut           100%       N/A       1%          2
 Dazzling Flash           Conj/Hex       100%       N/A       1%          3
 Ignite Poison            Fire/Tmut/Pois 100%       N/A       1%          3
 Inner Flame              Hex/Fire       100%       N/A       1%          3
 Animate Armour           Summ/Erth      100%       N/A       1%          4
 Dimensional Bullseye     Hex/Tloc       69%        N/A       1%          4
 Fulminant Prism          Conj/Hex       73%        3d30      1%          4
 Leda's Liquefaction      Hex/Erth       74%        N/A       1%          4
 Petrify                  Tmut/Erth      100%       N/A       1%          4
 Summon Ice Beast         Ice/Summ       100%       N/A       1%          4
 Summon Lightning Spire   Summ/Air       100%       N/A       1%          4
 Borgnjor's Vile Clutch   Necr/Erth      74%        N/A       1%          5
 Metabolic Englaciation   Hex/Ice        72%        N/A       1%          5
 Silence                  Hex/Air        66%        N/A       1%          5
 Summon Forest            Summ/Tloc      69%        N/A       1%          5
 Conjure Ball Lightning   Conj/Air       85%        3x3d32    1%          6
 Dispersal                Tloc           84%        N/A       1%          6
 Plasma Beam              Fire/Air       98%        2x1d118   1%          6
 Simulacrum               Ice/Necr       72%        N/A       1%          6
 Ozocubu's Refrigeration  Ice            88%        4d27      1%          7
 Lehudib's Crystal Spear  Conj/Erth      90%        10d20     1%          8
 Jinxbite                 Hex            100%       N/A       2%          2
 Sublimation of Blood     Necr           85%        N/A       2%          2
 Spellforged Servitor     Conj/Summ      73%        N/A       2%          7
 Call Canine Familiar     Summ           85%        N/A       4%          3
 Confusing Touch          Hex            85%        N/A       4%          3
 Sigil of Binding         Hex            85%        N/A       4%          3
 Summon Guardian Golem    Hex/Summ       85%        N/A       4%          3
 Tukima's Dance           Hex            85%        N/A       4%          3
 Vampiric Draining        Necr           85%        2d12      4%          3
 Olgreb's Toxic Radiance  Pois           85%        N/A       4%          4
 Yara's Violent Unravell  Hex/Tmut       51%        3d20      4%          5
 Chain Lightning          Conj/Air       85%        3d113     9%          9
 Anguish                  Hex/Necr       42%        N/A       17%         4
 Animate Dead             Necr           85%        N/A       17%         4
 Cause Fear               Hex            42%        N/A       17%         4
 Dispel Undead            Necr           85%        3d27      17%         4
 Eringya's Noxious Bog    Tmut/Pois      51%        4d6       24%         6
 Malign Gateway           Summ/Tloc      69%        N/A       24%         7
 Agony                    Necr           85%        N/A       43%         5
 Summon Mana Viper        Hex/Summ       85%        N/A       43%         5
 Death Channel            Necr           42%        N/A       95%         6
 Summon Cactus Giant      Summ           42%        N/A       95%         6
 Enfeeble                 Hex            42%        N/A       100%        7
 Haunt                    Necr/Summ      42%        N/A       100%        7
 Monstrous Menagerie      Summ           42%        N/A       100%        7
 Summon Hydra             Summ           42%        N/A       100%        7
 Borgnjor's Revivificati  Necr           42%        N/A       100%        8
 Discord                  Hex            42%        N/A       100%        8
 Infestation              Necr           42%        N/A       100%        8
 Summon Horrible Things   Summ           42%        N/A       100%        8
 Death's Door             Necr           42%        N/A       100%        9
 Dragon's Call            Summ           42%        N/A       100%        9


Dungeon Overview and Level Annotations

Branches:
Dungeon (15/15)            Temple (1/1) D:7            Lair (5/5) D:8
  Swamp (4/4) Lair:3       Spider (4/4) Lair:3        Slime (5/5) Lair:4
    Orc (2/2) D:12            Elf (3/3) Orc:2        Vaults (5/5) D:13
  Crypt (3/3) Vaults:2       Tomb (3/3) Crypt:3      Depths (4/4) D:15
   Hell (visited)             Dis (7/7) Hell            Geh (7/7) Hell
    Coc (7/7) Hell            Tar (7/7) Hell            Zot (5/5) Depths:4
  Sewer (visited)          WizLab (visited)

Altars:
Ashenzari
Cheibriados
Dithmenos
Elyvilon
Fedhas
Gozag
Hepliaklqana
Kikubaaqudgha
Makhleb
Nemelex Xobeh
Okawaru
Qazlal
Ru
Sif Muna
Trog
Uskayaw
Vehumet
Wu Jian
Xom
Yredelemnul
Zin
The Shining One
Lugonu

Shops:
D:1 [   D:4 =   D:5 *   D:6 :*[   Orc:2 *!(   Elf:3 *   Vaults:2 ?   Vaults:5 :
Depths:4 *:==

Portals:
Hell: Depths:1 Depths:2 Depths:3 Depths:4
Abyss: Depths:1 Depths:3
Pandemonium: Depths:2

Annotations:
Swamp:2 1 runed translucent door, popps's ghost, adept MiBe
Hell orb of dispater


Innate Abilities, Weirdness & Mutations

You have a pair of small antennae on your head.
You are agile. (Dex +4, Str/Int -1)
You possess an exceptional clarity of mind.
You are covered in fur. (AC +1)


Message History

Your fire vortex burns the golden dragon zombie!
Your fire vortex dissipates!
Unknown command.
Unknown command.
Unknown command.
You feel much better.
A sphinx skeleton comes into view.
An ushabti comes into view.
A guardian mummy comes into view.
Unknown command.
Unknown command.
Casting: Shatter (dangerous; 1% risk of failure)
Confirm with . or Enter, or press ? or * to list all spells.
You feel a strong surge of power!
The dungeon rumbles!
The golden dragon zombie is almost destroyed.
You destroy the royal mummy!
Vehumet accepts your kill.
You destroy the flying skull!
Vehumet accepts your kill.
The royal mummy is almost destroyed.
You destroy the royal mummy!
Vehumet accepts your kill.
You feel your power returning.
You destroy the sphinx skeleton!
Vehumet accepts your kill.
You feel your power returning.
The flayed ghost is lightly damaged.
You destroy the guardian mummy!
Vehumet accepts your kill.
You destroy the ushabti!
Vehumet accepts your kill.
You feel extremely nervous for a moment...
Pain shoots through your body!
* * * LOW HITPOINT WARNING * * *
You feel extremely nervous for a moment...
You are engulfed in negative energy!
You feel weakened.
You feel extremely nervous for a moment...
Pain shoots through your body!!
You die...

................▓
†°°..............∩▓
.M.v..............▓
§§§...............▓
W≈§...§§≈≈........▓
§§§.Z..≈.§........▓
≈≈..°..≈≈≈........▓
..........▓▓▓▓▓▓▓▓▓
.......@..▓
..........▓
..........▓
..........▓
▓▓▓▓▓▓▓▓▓▓▓


You could see a royal mummy, a flayed ghost (summoned), a golden dragon zombie
and a friendly fire vortex.

Vanquished Creatures
  Cerebov (Pan)
  Asmodeus (Geh:7)
  Antaeus (Coc:7)
  Ereshkigal (Tar:7)
  the Serpent of Hell (Coc:7)
  3 seraphim the Royal Jelly (Slime:5)
  Gloorx Vloq (Pan)
  Mnoleg (Pan)
  Lom Lobon (Pan)
  Dispater (Dis:7)
  16 dread liches
  Mara (Depths:1)
  14 ancient liches
  8 orbs of fire (Zot:5)
  Mennas (Vaults:2)
  5 juggernauts
  13 pandemonium lords
  Boris (thrice) (Vaults:2 Tomb:1 Tomb:3)
  51 royal mummies
  Vv (Depths:3)
  30 shard shrikes
  9 Killer Klowns
  Xtahua (Crypt:3)
  5 curse toes
  Geryon (Hell)
  Nikola (Elf:2)
  17 golden dragons
  Norris (Vaults:2)
  41 caustic shrikes
  11 profane servitors
  A Hellbinder (WizLab)
  18 pearl dragons
  13 doom hounds
  43 bone dragons
  Arachne (Spider:3)
  29 iron giants
  5 electric golems
  18 Brimstone Fiends
  3 spectral shard shrikes
  A shard shrike zombie (Tar:7)
  17 hellephants
  21 Tzitzimimeh
  Rupert (D:15)
  48 Hell Sentinels
  24 Ice Fiends
  Zenata (Elf:1)
  34 tentacled monstrosities
  Jorgrun (D:15)
  A shard shrike skeleton (Crypt:3)
  21 searing wretches
  21 liches
  34 titans
  15 tainted leviathans
  A walking frostbound tome (Depths:4)
  22 Orb Guardians
  3 deep elf blademasters
  9 quicksilver dragons
  12 sphinxes
  3 deep elf master archers
  A quicksilver dragon (shapeshifter) (Zig:12)
  10 acid blobs
  A sphinx (shapeshifter) (Zig:13)
  7 death cobs
  48 ancient champions
  15 tentacled starspawn
  A kraken (Abyss:3)
  30 Executioners
  5 thorn hunters
  Kirke (D:12)
  10 draconian monks
  Aizul (Vaults:2)
  7 tengu reavers
  16 azure jellies
  11 shadow dragons
  27 daevas
  11 revenants
  Roxanne (Spider:4)
  11 nagarajas
  21 narguns
  15 storm dragons
  25 quicksilver elementals
  7 draconian knights
  A frost giant (shapeshifter) (Vaults:5)
  23 fire giants
  10 rockslimes
  8 fenstrider witches
  7 demonspawn warmongers (Pan)
  28 ghost moths
  11 deep elf sorcerers
  8 iron dragons
  14 vault wardens
  3 spectral juggernauts
  Louise (Spider:3)
  5 draconian scorchers
  15 emperor scorpions
  2 caustic shrike zombies
  4 draconian shifters
  3 deep elf elementalists
  49 balrugs
  A juggernaut zombie (Tar:7)
  A draconian annihilator (Zot:4)
  10 curse skulls
  6 draconian stormcallers
  5 demonspawn blood saints (Pan)
  19 frost giants
  2 spectral caustic shrikes
  17 ironbound preservers
  26 cacodemons
  4 shard shrike simulacra
  23 reapers
  9 orc warlords
  38 angels
  38 stone giants
  10 demonspawn corrupters
  11 ghouls
  5 ironbound thunderhulks
  3 caustic shrike skeletons
  A broodmother (shapeshifter) (Zig:20)
  39 war gargoyles
  5 quicksilver oozes
  A starflower (Abyss:3)
  A juggernaut skeleton (Crypt:2)
  5 spriggan defenders
  8 formless jellyfish
  28 very ugly things
  24 elemental wellsprings
  23 ophanim
  30 apis
  10 deep elf demonologists
  2 broodmothers (Spider:4)
  13 black draconians
  19 vampire knights
  15 eleionomae
  16 bennus
  10 green draconians
  12 putrid mouths
  11 lorocyprocas
  27 wendigos
  13 demonspawn black suns
  16 spark wasps
  5 yellow draconians
  4 spectral titans
  8 bunyips
  10 red draconians
  12 purple draconians
  6 white draconians
  13 dire elephants
  18 deep elf annihilators
  18 eidola
  13 ettins
  12 deep elf death magi
  3 crystal guardians (Zig:25)
  32 mummy priests
  A spectral golden dragon (Tar:5)
  11 jiangshi
  Snorg (Orc:1)
  36 iron golems
  12 merfolk javelineers
  A quicksilver dragon zombie (Zig:16)
  9 fire dragons
  8 shambling mangroves
  20 blizzard demons
  24 green deaths
  7 deep elf high priests
  A spectral quicksilver dragon (Tar:5)
  23 entropy weavers
  2 spriggan zombies
  26 yaktaur captains
  7 spectral spriggans
  10 great orbs of eyes
  A spectral tengu (Crypt:2)
  5 merfolk impalers
  7 rakshasas
  28 hydras
  14 ice dragons
  2 merfolk avatars (Zig:22)
  4 ogre magi
  4 caustic shrike simulacra
  8 hell beasts
  A hydra (shapeshifter) (Zig:18)
  14 salamander tyrants
  A spectral fenstrider witch (Tar:1)
  29 vault guards
  An ice dragon (shapeshifter) (Vaults:5)
  A quicksilver dragon skeleton (Abyss:3)
  A catoblepas (D:13)
  5 jorogumos
  6 ironbound frosthearts
  2 juggernaut simulacra
  14 boulder beetles
  2 stokers
  5 spriggan air magi
  10 alligators
  2 alligator snapping turtles (Zig:26)
  8 spriggan skeletons
  2 anacondas (shapeshifter)
  3 radroaches
  A spectral stone giant (Tar:3)
  20 centaur warriors
  4 ghost crabs
  2 anacondas (Zig:26)
  12 merfolk aquamancers
  2 death knights
  58 death scarabs
  29 dancing weapons
  6 tengu warriors
  10 two-headed ogres
  8 deep troll shamans
  2 fenstrider witch skeletons (Crypt:2)
  9 deep troll earth magi
  15 orc high priests
  2 occultists
  A sphinx skeleton (Zig:16)
  A titan zombie (Tar:7)
  2 spectral dire elephants
  12 vampire magi
  23 thrashing horrors
  6 death yaks
  43 hell hogs
  32 soul eaters
  19 deep elf knights
  8 spriggan berserkers
  Nergalle (D:12)
  15 hell knights
  25 demonic crawlers
  3 titan skeletons
  A storm dragon zombie (Zig:16)
  24 crystal echidnas
  A skyshark (shapeshifter) (Zig:13)
  3 skysharks
  67 sun demons
  An iron troll (shapeshifter) (Zig:13)
  18 wretched stars
  11 iron trolls
  10 pharaoh ants
  A spectral spark wasp (Depths:3)
  A storm dragon skeleton (Zig:17)
  2 salamander mystics (Zig:3)
  5 quicksilver dragon simulacra
  35 deep trolls
  12 sun moths
  8 goliath frogs
  35 shadow wraiths
  A spectral bunyip (Crypt:2)
  6 shadow demons
  5 spatial maelstroms
  20 swamp dragons
  49 skeletal warriors
  The ghost of Karim the Magician, a novice GnEE of Ashenzari (D:7)
  23 sixfirhies
  20 cherubim
  2 golden dragon zombies
  45 large abominations
  6 sea snakes
  18 orb spiders
  8 glowing orange brains
  9 bog bodies
  3 spectral anacondas
  6 flayed ghosts
  A death drake (Zig:19)
  16 spriggan druids
  A spectral iron dragon (Tar:6)
  An orb spider (shapeshifter) (Zig:13)
  14 harpies
  A naga ritualist (Zig:26)
  7 arcanists
  7 obsidian statues
  9 deep elf archers
  13 necromancers
  21 ironbound convokers
  2 sea snakes (shapeshifter) (Zig:12)
  4 bunyip skeletons
  34 orc knights
  A golden dragon skeleton (Crypt:1)
  A swamp dragon (shapeshifter) (Zig:20)
  A tengu zombie (Zig:17)
  28 phantasmal warriors
  A steelbarb worm (shapeshifter) (Elf:1)
  49 starcursed masses
  2 orange crystal statues
  A shining eye (shapeshifter) (Zig:12)
  2 anaconda skeletons (Hell)
  7 lindwurms
  2 alligator zombies (Hell)
  14 steelbarb worms
  3 mana vipers (shapeshifter)
  37 deep elf pyromancers
  4 shadow dragon skeletons
  2 stone giant zombies
  34 deep elf zephyrmancers
  27 wolf spiders
  A faun (shapeshifter) (Depths:4)
  A mana viper (Zig:26)
  2 worldbinders
  9 orc sorcerers
  A frost giant zombie (Depths:3)
  A salamander (Zig:26)
  6 shining eyes
  14 manticores
  A spectral fire dragon (Crypt:2)
  3 manticores (shapeshifter)
  A fire giant zombie (Depths:3)
  2 iron dragon skeletons
  3 stone giant skeletons
  11 will-o-the-wisps
  13 cyclopes
  4 oklob plants
  2 moths of wrath (shapeshifter)
  30 ugly things
  An elephant (Zig:10)
  13 black mambas
  4 guardian serpents
  An orc zombie (Crypt:2)
  12 water nymphs
  39 moths of wrath
  A spectral centaur (Crypt:2)
  2 spectral ettins
  A water nymph (shapeshifter) (Zig:12)
  A cyclops (shapeshifter) (Zig:18)
  5 titan simulacra
  2 guardian serpents (shapeshifter)
  3 naga magi
  13 molten gargoyles
  12 torpor snails
  2 merfolk sirens
  11 rust devils
  2 naga zombies (Crypt:1)
  An orc skeleton (Crypt:2)
  14 vault sentinels
  7 ice statues
  19 apocalypse crabs
  14 cane toads
  58 smoke demons
  8 gargoyles
  An eye of devastation (shapeshifter) (Zig:18)
  48 hellions
  Maggie (D:10)
  A torpor snail (shapeshifter) (Zig:13)
  An eye of devastation (Slime:2)
  6 centaur skeletons
  A cane toad (shapeshifter) (Elf:1)
  Psyche (D:12)
  2 yellow draconian zombies
  7 rime drakes
  16 freezing wraiths
  36 orange demons
  8 efreet (Pan)
  A yaktaur zombie (Vaults:1)
  8 anaconda simulacra
  4 tengu conjurers
  4 unseen horrors
  37 yaktaurs
  A kobold demonologist (D:13)
  A sea snake zombie (Hell)
  2 ice devils
  A spark wasp simulacrum (Depths:3)
  A spectral naga (Tar:5)
  3 dire elephant skeletons
  44 tormentors
  2 white draconian skeletons (Crypt:1)
  66 guardian mummies
  2 golden dragon simulacra
  9 komodo dragons
  12 ancient zymes
  3 iron giant simulacra
  15 trolls
  13 red devils
  5 hydra zombies
  10 polar bears
  5 harpy zombies
  2 meliai
  2 spectral harpies
  2 meliai (shapeshifter)
  3 death drake zombies (Swamp:4)
  37 hellwings
  3 wind drakes
  2 merfolk (shapeshifter)
  39 merfolk
  Grinder (D:2)
  9 saltlings (Orc:2)
  32 hornets
  A tarantella (shapeshifter) (Zig:27)
  28 tarantellas
  2 bloated husks
  4 snapping turtles
  2 stone giant simulacra (Coc:2)
  22 tyrant leeches
  3 iron dragon simulacra
  2 ettin zombies (Crypt:2)
  9 raiju
  8 glass eyes
  7 harpy skeletons
  15 blink frogs
  4 ettin skeletons
  2 ice dragon zombies
  3 hydra skeletons
  24 flying skulls
  A slime creature (shapeshifter) (Zig:11)
  26 jumping spiders
  4 centaur simulacra
  92 slime creatures
  An air elemental (Orc:2)
  17 wyverns
  3 jumping spiders (shapeshifter)
  Sigmund (D:6)
  48 ynoxinuls
  21 culicivoras
  25 spriggans
  3 shadows
  11 water elementals
  3 fire elementals
  9 dire elephant simulacra
  2 vampires
  59 yaks
  14 golden eyes
  21 ushabtiu
  8 wraiths
  4 basilisks
  A fire bat (Abyss:3)
  A human (D:12)
  22 chaos spawn
  4 naga simulacra
  3 steam dragons
  48 vampire mosquitoes
  32 neqoxecs
  9 small abominations
  49 redbacks
  7 swamp worms
  12 harpy simulacra
  12 wargs
  10 hydra simulacra
  5 acid dragons
  31 water moccasins
  A water nymph skeleton (Crypt:2)
  A fire bat skeleton (Crypt:2)
  A merfolk skeleton (Crypt:3)
  A deep troll skeleton (Crypt:1)
  2 glowing shapeshifter skeletons (Vaults:1)
  12 swamp drakes
  4 naga skeletons
  2 ettin simulacra
  A sky beast (D:7)
  61 orc warriors
  An ice beast (D:5)
  4 black bears
  A black mamba simulacrum (Tomb:3)
  3 swamp dragon zombies
  A fire dragon simulacrum (Coc:1)
  6 spriggan simulacra
  18 wolves
  18 boggarts
  13 centaurs
  17 ogres
  A swamp dragon skeleton (Pan)
  A blink frog skeleton (Crypt:3)
  A phantom (D:6)
  An elf zombie (Crypt:2)
  2 kobold brigands
  A gnoll sergeant (D:10)
  7 bullfrogs
  10 earth elementals
  A necrophage (Crypt:3)
  A glowing shapeshifter simulacrum (Depths:3)
  A draconian skeleton (Crypt:3)
  3 scorpions
  A wyvern skeleton (Crypt:1)
  8 wights
  A warg skeleton (Crypt:2)
  13 killer bees
  A queen bee zombie (Crypt:1)
  A yak skeleton (Crypt:1)
  6 electric eels
  3 howler monkeys (D:10)
  2 crimson imps (Pan)
  3 hounds
  28 orc priests
  A jelly (D:4)
  2 quasits
  A gnoll bouda (D:6)
  2 human skeletons
  Ijyb (D:5)
  8 iguanas
  25 orc wizards
  4 hell rats (Hell)
  An ogre skeleton (Crypt:2)
  A deep dwarf skeleton (Crypt:3)
  A hound skeleton (D:3)
  60 mummies
  Robin (D:4)
  26 gnolls
  14 adders
  5 river rats (Sewer)
  A swamp drake zombie (Crypt:3)
  A howler monkey skeleton (D:3)
  A shadow imp (D:7)
  2 white imps
  2 ufetubi
  7 worms
  2 dart slugs
  74 orcs
  13 ball pythons
  6 bats
  4 endoplasms
  3 giant cockroaches
  17 goblins
  8 hobgoblins
  12 jackals
  28 kobolds
  3 quokkas
  A ball python skeleton (D:3)
  3 frilled lizards
  A hobgoblin skeleton (Crypt:1)
  A kobold zombie (Crypt:3)
  A quokka skeleton (Crypt:2)
  A quokka zombie (Crypt:2)
  30 rats
  A ball lightning (Pan)
  2 creeping infernos
  64 fire vortices
  3 starspawn tentacles
5729 creatures vanquished.

Vanquished Creatures (collateral kills)
  A dread lich (Tar:7)
  A tentacled monstrosity (Zot:4)
  An Ice Fiend (Coc:7)
  A walking earthen tome (Zig:13)
  3 Orb Guardians (Zot:5)
  2 titans
  A quicksilver dragon (Zot:2)
  A tengu reaver (Zig:18)
  A demonspawn warmonger (Pan)
  A storm dragon (Zot:2)
  2 draconian monks
  A frost giant (Zig:18)
  A cacodemon (Pan)
  An ironbound preserver (Zig:20)
  2 ophanim
  5 apis (Pan)
  2 green draconians
  A yellow draconian (Zot:2)
  A red draconian (Zot:5)
  A shambling mangrove (Zig:12)
  A soul eater (Pan)
  A pharaoh ant (Zig:23)
  A golden dragon zombie (Zig:17)
  A tengu skeleton (Crypt:3)
  A moth of wrath (shapeshifter) (Zig:20)
  A moth of wrath (Zot:5)
  An orange demon (Pan)
  An eye of devastation (Pan)
  A water nymph (Zig:22)
  A naga skeleton (Pan)
  2 hellions
  A guardian mummy (Zig:17)
  A glass eye (Pan)
  2 ynoxinuls (Pan)
  A centaur simulacrum (Hell)
  A golden eye (Abyss:3)
  A neqoxec (Abyss:3)
  A large abomination (Pan)
  4 starcursed masses
  A small abomination (Abyss:3)
  An orc priest (Zig:21)
  2 hell rats (Hell)
  11 mummies
  A shadow imp (Abyss:3)
  14 boulders
84 creatures vanquished.

Vanquished Creatures (others)
  A shard shrike (Zig:24)
  2 eldritch tentacles (Pan)
  A nagaraja (Zig:26)
  A demonspawn blood saint (Pan)
  A bunyip (Zig:9)
  A caustic shrike simulacrum (Zig:24)
  A juggernaut simulacrum (Coc:7)
  A deep elf knight (Elf:2)
  A bog body (Zig:19)
  A swamp dragon (Zig:9)
  A harpy (Zig:22)
  A smoke demon (Pan)
  2 bloated husks
  A hornet (Depths:2)
  An iron dragon simulacrum (Zig:24)
  A shadow imp (Pan)
  18 boulders
  A creeping inferno (Geh:5)
  1389 fire vortices
  86 foxfires
  15 starspawn tentacles
1527 creatures vanquished.

Grand Total: 7340 creatures vanquished

Notes
Turn   | Place    | Note
-------+----------+-------------------------------------------
     0 | D:1      | mopl the Deep Elf Fire Elementalist began the quest for the
                  | Orb.
     0 | D:1      | Reached XP level 1. HP: 10/10 MP: 6/6
    87 | D:1      | Reached XP level 2. HP: 15/15 MP: 1/8
    90 | D:1      | Learned a level 2 spell: Scorch
   273 | D:1      | Found Webeiqall's Armour Boutique.
   463 | D:1      | Reached XP level 3. HP: 20/20 MP: 7/10
   710 | D:2      | Reached skill level 2 in Conjurations
   795 | D:2      | Noticed a scorpion
   817 | D:2      | Killed a scorpion
   818 | D:2      | Reached skill level 3 in Dodging
   818 | D:2      | Reached skill level 4 in Spellcasting
   818 | D:2      | Reached skill level 4 in Fire Magic
   818 | D:2      | Reached XP level 4. HP: 24/24 MP: 4/12
   823 | D:2      | Learned a level 4 spell: Flame Wave
   990 | D:2      | Reached skill level 1 in Fighting
  1526 | D:3      | Noticed Grinder
  1531 | D:3      | Reached XP level 5. HP: 29/29 MP: 7/13
  1638 | D:2      | Killed Grinder
  1639 | D:2      | Reached skill level 5 in Spellcasting
  1639 | D:2      | Reached skill level 3 in Conjurations
  1639 | D:2      | Reached XP level 6. HP: 29/34 MP: 7/15
  1730 | D:3      | Found a sacrificial altar of Ru.
  1835 | D:3      | Found a hide-covered altar of Uskayaw.
  1843 | D:3      | Reached skill level 5 in Fire Magic
  2164 | D:3      | Found a snail-covered altar of Cheibriados.
  2166 | D:3      | Found an ancient bone altar of Kikubaaqudgha.
  2309 | D:4      | Found a blossoming altar of Fedhas.
  2388 | D:4      | Found a sparkling altar of Nemelex Xobeh.
  2411 | D:4      | Found a basalt altar of Yredelemnul.
  2470 | D:4      | Reached skill level 4 in Conjurations
  2493 | D:4      | Reached skill level 2 in Fighting
  2493 | D:4      | Reached XP level 7. HP: 40/40 MP: 7/17
  2626 | D:4      | Reached skill level 4 in Dodging
  2633 | D:4      | Found Qemoty's Jewellery Shop.
  2688 | D:4      | Found a broken altar of Ashenzari.
  2703 | D:4      | Noticed Robin
  2716 | D:4      | Reached skill level 6 in Spellcasting
  2728 | D:4      | Killed Robin
  2779 | D:4      | Learned a level 3 spell: Volatile Blastmotes
  2855 | D:5      | Entered Level 5 of the Dungeon
  2855 | D:5      | Noticed Ijyb
  2860 | D:5      | Killed Ijyb
  2863 | D:5      | Killed an unseen horror
  2864 | D:5      | Reached skill level 5 in Conjurations
  2973 | D:5      | Reached skill level 6 in Fire Magic
  2981 | D:5      | Reached XP level 8. HP: 42/45 MP: 7/20
  3069 | D:5      | Found Liowirih's Gadget Gallery.
  3160 | D:5      | Found a white marble altar of Elyvilon.
  3203 | D:5      | Reached skill level 7 in Spellcasting
  3449 | D:5      | Found a shadowy altar of Dithmenos.
  3449 | D:5      | Found a hazy altar of Hepliaklqana.
  3580 | D:5      | Found a burning altar of Makhleb.
  3756 | D:6      | Reached skill level 5 in Dodging
  3804 | D:6      | Reached skill level 3 in Fighting
  3805 | D:6      | Reached skill level 6 in Conjurations
  3869 | D:6      | Found a glowing drain.
  3877 | Sewer    | Entered a sewer
  3982 | Sewer    | Reached skill level 7 in Fire Magic
  4227 | Sewer    | Reached skill level 8 in Spellcasting
  4965 | D:6      | Found an ornate altar of the Wu Jian Council.
  5015 | D:6      | You fall into a shaft and drop 1 floor!
  5033 | D:7      | Found a staircase to the Ecumenical Temple.
  5041 | Temple   | Entered the Ecumenical Temple
  5055 | Temple   | Became a worshipper of Vehumet
  5197 | D:7      | Reached XP level 9. HP: 46/51 MP: 14/23
  5650 | D:6      | Identified the +2 robe of Curiosity {Regen+ Archmagi}
  5675 | D:6      | Noticed Sigmund
  5696 | D:6      | Killed Sigmund
  5697 | D:6      | Reached skill level 7 in Conjurations
  6004 | D:6      | Found Mesmi's Armour Shop.
  6005 | D:6      | Found Sosudipn's Assorted Antiques.
  6006 | D:6      | Found Guditir's Book Shop.
  6013 | D:6      | Reached skill level 9 in Spellcasting
  6017 | D:6      | Bought a murky purple potion for 19 gold pieces
  6017 | D:6      | Bought a scroll labelled PUZXOGROESI for 22 gold pieces
  6040 | D:6      | Found an opulent altar of Gozag.
  6044 | D:6      | Reached * piety under Vehumet
  6044 | D:6      | Offered knowledge of Kiss of Death by Vehumet.
  6126 | D:6      | Found a glowing golden altar of the Shining One.
  6249 | D:7      | Found a transporter.
  6254 | D:7      | Found a bloodstained altar of Trog.
  6262 | D:7      | Noticed Karim's ghost (novice GnEE)
  6262 | D:7      | Noticed a troll
  6263 | D:7      | Noticed a moth of wrath
  6284 | D:7      | Found a transporter.
  6585 | D:7      | Learned a level 6 spell: Starburst
  6634 | D:8      | Reached skill level 8 in Fire Magic
  6654 | D:8      | Reached skill level 6 in Dodging
  6802 | D:8      | Noticed Jeremiah
  6802 | D:8      | Noticed a death yak
  6802 | D:8      | Noticed a death yak
  6842 | D:8      | Jeremiah changed into Jeremiah the harpy
  6842 | D:8      | Noticed Jeremiah
  6843 | D:8      | Upgraded the game from 0.31-a0-1002-g8e65716e6e to
                  | 0.31-a0-1009-g454b1f1e0a
  6849 | D:8      | Killed Jeremiah the harpy
  6850 | D:8      | Reached skill level 4 in Fighting
  6900 | D:8      | Noticed a death yak
  6902 | D:8      | Noticed a death yak
  6936 | D:8      | Killed a death yak
  6937 | D:8      | Reached skill level 10 in Spellcasting
  6937 | D:8      | Reached skill level 8 in Conjurations
  6937 | D:8      | Reached XP level 10. HP: 46/57 MP: 7/26
  7278 | D:8      | Reached skill level 9 in Fire Magic
  7358 | D:8      | Found a staircase to the Lair.
  7359 | D:8      | Noticed a death yak
  7366 | D:8      | Offered knowledge of Poisonous Vapours by Vehumet.
  7398 | D:8      | Reached ** piety under Vehumet
  7576 | D:8      | Killed a death yak
  7974 | D:8      | Killed a death yak
  7974 | D:8      | Killed a death yak
  7975 | D:8      | Reached skill level 7 in Dodging
  7975 | D:8      | Reached skill level 11 in Spellcasting
  7975 | D:8      | Reached skill level 9 in Conjurations
  8133 | D:8      | Killed a death yak
  8243 | D:9      | Reached XP level 11. HP: 62/62 MP: 24/28
  8280 | D:9      | Reached skill level 5 in Fighting
  8280 | D:9      | Reached skill level 10 in Fire Magic
  8522 | D:9      | Found a bloodstained altar of Trog.
  8909 | D:9      | Offered knowledge of Stone Arrow by Vehumet.
  8995 | D:10     | Entered Level 10 of the Dungeon
  9039 | D:10     | Noticed Maggie
  9043 | D:10     | Killed Maggie
  9044 | D:10     | Reached skill level 1 in Evocations
  9212 | D:10     | Noticed a two-headed ogre
  9224 | D:10     | Killed a two-headed ogre
  9224 | D:10     | Reached *** piety under Vehumet
  9225 | D:10     | Reached skill level 12 in Spellcasting
  9489 | D:10     | Reached skill level 10 in Conjurations
  9614 | D:10     | Reached skill level 8 in Dodging
  9653 | D:10     | Reached skill level 2 in Evocations
  9653 | D:10     | Offered knowledge of Brom's Barrelling Boulder by Vehumet.
  9659 | D:10     | Learned a level 4 spell: Brom's Barrelling Boulder
 10091 | Lair:1   | Entered Level 1 of the Lair of Beasts
 10290 | Lair:1   | Noticed a boulder beetle
 10481 | Lair:1   | HP: 2/64 [cane toad (15)]
 10486 | Lair:1   | HP: 3/64 [poisoned by a cane toad]
 10491 | Lair:1   | HP: 1/64 [poisoned by a cane toad]
 10576 | Lair:1   | Reached **** piety under Vehumet
 10887 | Lair:1   | Reached skill level 11 in Fire Magic
 11031 | Lair:1   | Reached skill level 3 in Evocations
 11120 | Lair:1   | Offered knowledge of Sticky Flame by Vehumet.
 11130 | Lair:1   | Learned a level 4 spell: Sticky Flame
 11168 | Lair:1   | Killed a boulder beetle
 11347 | Lair:1   | Reached XP level 12. HP: 69/69 MP: 25/30
 11634 | Lair:1   | Reached skill level 11 in Conjurations
 11828 | Lair:2   | Reached skill level 6 in Fighting
 11908 | Lair:2   | Reached skill level 4 in Evocations
 11933 | Lair:2   | Reached skill level 9 in Dodging
 11941 | Lair:2   | Noticed a four-headed hydra
 12107 | Lair:2   | Killed a four-headed hydra
 12209 | Lair:2   | Reached skill level 1 in Shields
 12211 | Lair:2   | Reached skill level 12 in Fire Magic
 12333 | Lair:2   | Reached ***** piety under Vehumet
 12401 | Lair:2   | Reached skill level 13 in Spellcasting
 12468 | Lair:3   | Offered knowledge of Orb of Destruction by Vehumet.
 12488 | Lair:3   | Learned a level 7 spell: Orb of Destruction
 12638 | Lair:3   | Found a hole to the Spider Nest.
 12753 | Lair:3   | Reached skill level 5 in Evocations
 12782 | Lair:3   | Reached skill level 12 in Conjurations
 12916 | Lair:3   | Reached skill level 2 in Shields
 13172 | Lair:3   | Noticed an eight-headed hydra
 13175 | Lair:3   | Killed an eight-headed hydra
 13205 | Lair:3   | Reached XP level 13. HP: 53/76 MP: 3/32
 13388 | Lair:3   | Found a staircase to the Swamp.
 14547 | Lair:4   | Found a staircase to the Slime Pits.
 15102 | Lair:5   | Entered Level 5 of the Lair of Beasts
 15329 | Lair:5   | Reached skill level 10 in Dodging
 15332 | Lair:5   | Reached skill level 7 in Fighting
 15332 | Lair:5   | Reached skill level 13 in Fire Magic
 15478 | Lair:5   | Reached skill level 3 in Shields
 15650 | Lair:5   | Reached skill level 6 in Evocations
 15733 | Lair:5   | Offered knowledge of Fireball by Vehumet.
 15750 | Lair:5   | Learned a level 5 spell: Fireball
 16103 | Lair:5   | Reached skill level 13 in Conjurations
 16244 | Lair:5   | Noticed a fire dragon
 16250 | Lair:5   | Killed a fire dragon
 16572 | Lair:5   | Identified the +0 leather armour of Himeph {rPois rN++
                  | Int-4}
 16638 | Lair:5   | Reached skill level 14 in Spellcasting
 16874 | Lair:5   | Reached XP level 14. HP: 45/82 MP: 12/34
 17241 | D:11     | Learned a level 4 spell: Airstrike
 17572 | D:11     | Found a broken altar of Ashenzari.
 17664 | D:11     | Reached skill level 1 in Air Magic
 17822 | D:11     | Reached skill level 4 in Shields
 18525 | D:12     | Reached skill level 7 in Evocations
 18540 | D:12     | Reached skill level 14 in Fire Magic
 18703 | D:12     | Reached skill level 2 in Air Magic
 19032 | D:12     | Noticed Kirke
 19036 | D:12     | Killed Kirke
 19335 | D:12     | Noticed Psyche
 19337 | D:12     | Killed Psyche
 19344 | D:12     | Noticed Nergalle
 19348 | D:12     | Killed Nergalle
 19349 | D:12     | Reached skill level 11 in Dodging
 19502 | D:12     | Found a staircase to the Orcish Mines.
 19712 | Orc:1    | Entered Level 1 of the Orcish Mines
 20104 | Orc:1    | Noticed Snorg
 20109 | Orc:1    | Killed Snorg
 20110 | Orc:1    | Reached skill level 14 in Conjurations
 20323 | Orc:2    | Entered Level 2 of the Orcish Mines
 20341 | Orc:2    | Offered knowledge of Plasma Beam by Vehumet.
 20557 | Orc:2    | Found a staircase to the Elven Halls.
 20586 | Orc:2    | Reached skill level 3 in Air Magic
 20737 | Orc:2    | Found Cumo's Distillery.
 20741 | Orc:2    | Reached skill level 8 in Fighting
 20852 | Orc:2    | Found Gycruz's General Store.
 20854 | Orc:2    | Found Kibionk's Distillery.
 20883 | Orc:2    | Reached XP level 15. HP: 88/88 MP: 35/35
 21218 | Orc:2    | Found Eweit's Weapon Shoppe.
 21340 | D:13     | Found a gate to the Vaults.
 21368 | D:13     | Reached skill level 5 in Shields
 21665 | D:13     | Offered knowledge of Eringya's Noxious Bog by Vehumet.
 21825 | D:13     | Reached skill level 8 in Evocations
 21992 | D:13     | Reached skill level 4 in Air Magic
 22208 | D:13     | Reached skill level 15 in Fire Magic
 22304 | D:13     | Reached skill level 15 in Spellcasting
 22633 | D:14     | Identified the +4 long sword "Weh Lomauno" {antimagic,
                  | SInv}
 22757 | D:14     | Found the +0 pair of fencer's gloves {Riposte Dex+3}
 23267 | D:15     | Entered Level 15 of the Dungeon
 23572 | D:15     | Identified a scroll of acquirement
 23598 | D:15     | Noticed Rupert
 23601 | D:15     | Killed Rupert
 23602 | D:15     | Reached skill level 15 in Conjurations
 23957 | D:15     | Acquired 683 gold pieces
 24011 | D:15     | Found a staircase to the Depths.
 24383 | D:15     | Noticed Jorgrun
 24386 | D:15     | Killed Jorgrun
 24770 | Orc:2    | Bought a potion of cancellation for 96 gold pieces
 24770 | Orc:2    | Bought a potion of brilliance for 48 gold pieces
 24770 | Orc:2    | Bought a potion of haste for 120 gold pieces
 24770 | Orc:2    | Bought a potion of magic for 96 gold pieces
 24770 | Orc:2    | Bought a potion of curing for 36 gold pieces
 24770 | Orc:2    | Bought a potion of enlightenment for 60 gold pieces
 24770 | Orc:2    | Bought a potion of ambrosia for 96 gold pieces
 24770 | Orc:2    | Bought a potion of haste for 120 gold pieces
 24989 | D:4      | Bought an amulet of magic regeneration for 360 gold pieces
 25113 | D:7      | Killed Karim's ghost
 25327 | Swamp:1  | Entered Level 1 of the Swamp
 25329 | Swamp:1  | Offered knowledge of Irradiate by Vehumet.
 25330 | Swamp:1  | Reached skill level 12 in Dodging
 25366 | Swamp:1  | Noticed a fenstrider witch
 25367 | Swamp:1  | Paralysed by a fenstrider witch for 2 turns
 25369 | Swamp:1  | Killed a fenstrider witch
 25459 | Swamp:1  | Reached skill level 5 in Air Magic
 25690 | Swamp:1  | Reached XP level 16. HP: 78/94 MP: 7/37
 26032 | Swamp:2  | Identified the "Haoceh"
 26042 | Swamp:2  | Reached skill level 9 in Evocations
 26108 | Swamp:2  | Reached skill level 6 in Shields
 26292 | Swamp:2  | Reached skill level 9 in Fighting
 26372 | Swamp:2  | Found a runed translucent door.
 26766 | Swamp:2  | Noticed popps's ghost (adept MiBe)
 26768 | Swamp:2  | Identified the +6 trident "Hetze" {venom, rElec}
 26768 | Swamp:2  | Noticed a thorn hunter
 26790 | Swamp:2  | Learned a level 5 spell: Irradiate
 27049 | Swamp:3  | Reached skill level 1 in Translocations
 27098 | Swamp:3  | Reached ****** piety under Vehumet
 27099 | Swamp:3  | Reached skill level 1 in Transmutations
 27152 | Swamp:3  | Noticed a tentacled monstrosity
 27157 | Swamp:3  | Killed a tentacled monstrosity
 27174 | Swamp:3  | Offered knowledge of Lee's Rapid Deconstruction by Vehumet.
 27244 | Swamp:3  | Reached skill level 16 in Conjurations
 27429 | Swamp:4  | Entered Level 4 of the Swamp
 27436 | Swamp:4  | Reached skill level 6 in Air Magic
 27666 | Swamp:4  | Reached skill level 2 in Translocations
 27977 | Swamp:4  | Reached skill level 2 in Transmutations
 27987 | Swamp:4  | Reached skill level 16 in Spellcasting
 28496 | Swamp:4  | Noticed a thorn hunter
 28498 | Swamp:4  | Killed a thorn hunter
 28610 | Swamp:4  | Reached XP level 17. HP: 100/100 MP: 39/39
 28632 | Swamp:4  | Reached skill level 3 in Translocations
 28907 | Swamp:4  | Reached skill level 3 in Transmutations
 28921 | Swamp:4  | Reached skill level 13 in Dodging
 28959 | Swamp:4  | Found a basalt altar of Yredelemnul.
 28994 | Swamp:4  | Found a blossoming altar of Fedhas.
 29018 | Swamp:4  | Got a decaying rune of Zot
 29318 | Spider:1 | Entered Level 1 of the Spider Nest
 29461 | Spider:1 | Reached skill level 10 in Evocations
 29967 | Spider:1 | Offered knowledge of Ignition by Vehumet.
 30774 | Lair:1   | Learned a level 8 spell: Ignition
 30923 | Spider:2 | Reached skill level 16 in Fire Magic
 31155 | Spider:2 | Reached skill level 7 in Shields
 31374 | Spider:2 | Reached skill level 4 in Translocations
 31386 | Spider:2 | Reached skill level 4 in Transmutations
 31590 | Spider:2 | Reached skill level 7 in Air Magic
 31758 | Spider:2 | Identified the +6 whip "Kiposk" {pain, rElec rC+}
 31955 | Spider:3 | Noticed Louise
 31975 | Spider:3 | Killed Louise
 31976 | Spider:3 | Reached skill level 17 in Conjurations
 33070 | Spider:4 | Entered Level 4 of the Spider Nest
 33072 | Spider:4 | Offered knowledge of Fire Storm by Vehumet.
 33072 | Spider:4 | Offered knowledge of Shatter by Vehumet.
 33072 | Spider:4 | Offered knowledge of Chain Lightning by Vehumet.
 33078 | Spider:4 | Noticed Arachne
 33079 | Spider:4 | Reached skill level 10 in Fighting
 33079 | Spider:4 | Reached skill level 5 in Translocations
 33079 | Spider:4 | Reached XP level 18. HP: 107/107 MP: 40/40
 33201 | Spider:3 | Killed Arachne
 33202 | Spider:3 | Reached skill level 5 in Transmutations
 33372 | Spider:4 | Reached skill level 17 in Spellcasting
 33555 | Spider:4 | Noticed Roxanne
 33578 | Spider:4 | Killed Roxanne
 33781 | Spider:4 | Identified the +0 plate armour of Uracreuk {Drain rF++
                  | Int-3 Dex+2}
 34030 | Spider:4 | Reached skill level 11 in Evocations
 34032 | Spider:4 | Reached skill level 14 in Dodging
 34079 | Spider:4 | Identified the +1 hat "Wenwexut" {Harm +Inv rF- Slay+3}
 34088 | Spider:4 | Got a gossamer rune of Zot
 34461 | WizLab   | Identified the of Giolo
 34461 | Vaults:5 | Identified the "Erhat"
 34461 | Crypt:1  | Identified the "Paecrucw"
 34461 | Crypt:3  | Identified the "Ihol"
 34461 | Crypt:3  | Identified the "Cuof Seca"
 34461 | Elf:1    | Entered Level 1 of the Elven Halls
 34471 | Elf:1    | Reached skill level 8 in Air Magic
 34480 | Elf:1    | Paralysed by an air elemental for 1 turns
 34762 | Elf:1    | Reached skill level 8 in Shields
 34780 | Elf:1    | Reached skill level 18 in Conjurations
 35632 | Elf:1    | Noticed Zenata
 35637 | Elf:1    | Killed Zenata
 35638 | Elf:1    | Reached XP level 19. HP: 92/113 MP: 35/42
 35679 | Elf:2    | Noticed Nikola
 35688 | Elf:2    | Killed Nikola
 35822 | Elf:2    | Reached XP level 20. HP: 119/119 MP: 43/43
 35823 | Elf:2    | Reached skill level 17 in Fire Magic
 35823 | Elf:2    | Reached XP level 21. HP: 124/124 MP: 44/44
 36029 | Elf:2    | Found a runed translucent gate.
 36029 | Elf:2    | Found a runed translucent gate.
 36033 | Elf:2    | Found a runed translucent gate.
 36106 | Elf:2    | Reached skill level 9 in Air Magic
 36221 | Elf:2    | Reached skill level 11 in Fighting
 36266 | Elf:2    | Reached skill level 18 in Spellcasting
 36313 | Elf:2    | Reached skill level 12 in Evocations
 36645 | Elf:3    | Identified the of Rasikh
 36645 | Elf:3    | Entered Level 3 of the Elven Halls
 36721 | Elf:3    | Reached skill level 15 in Dodging
 36830 | Elf:3    | Found Odiyvas's General Store.
 36999 | Elf:3    | Reached skill level 19 in Conjurations
 37074 | Elf:3    | Identified the +4 short sword of Cellilem {holy, rElec rC+}
 37083 | Elf:3    | Reached skill level 9 in Shields
 37084 | Elf:3    | Identified the ring of Sinott {Fire Str+3}
 37117 | Elf:3    | Identified the +2 halberd of the Grave {venom, Dex+3}
 37159 | Elf:3    | Identified the staff of Sequestration {rN+ Will+ Dex+5
                  | Necro}
 37199 | Elf:3    | Found the +0 mask of the Dragon {Will+ Slay+3 SInv}
 37785 | Vaults:1 | Entered Level 1 of the Vaults
 37953 | Vaults:1 | Found a magical portal.
 37987 | WizLab   | Entered The Hall of the Hellbinder
 38144 | WizLab   | Noticed a dread lich
 38152 | WizLab   | Killed a dread lich
 38428 | WizLab   | Noticed Kagidwot
 38438 | WizLab   | Killed Kagidwot the Hellbinder
 38439 | WizLab   | Reached XP level 22. HP: 130/130 MP: 34/46
 38653 | WizLab   | Found a burning altar of Makhleb.
 38711 | WizLab   | Identified the ring "Xuqat" {rF+ rCorr Str+4 Int+6}
 38714 | WizLab   | Identified the ring "Fonoder" {rN+ Dex+2}
 38810 | Vaults:1 | Reached skill level 10 in Air Magic
 39536 | Vaults:1 | Identified the +7 falchion "Iqunk" {freeze, rF+ rC+ Int+2}
 39745 | Vaults:2 | Found a staircase to the Crypt.
 39764 | Vaults:2 | Noticed Boris
 39767 | Vaults:2 | Killed Boris
 39937 | Vaults:2 | Reached skill level 13 in Evocations
 39938 | Vaults:2 | Reached skill level 20 in Conjurations
 39987 | Vaults:2 | Identified the serpent talisman of the Realm of Zot {rC+}
 39987 | Vaults:2 | Noticed Aizul
 39991 | Vaults:2 | Killed Aizul
 40084 | Vaults:2 | Noticed Mennas
 40168 | Vaults:2 | Noticed Norris
 40172 | Vaults:2 | Killed Norris
 40368 | Vaults:2 | Found Dukhliroerph's Magic Scroll Boutique.
 40382 | Vaults:2 | Bought a scroll of acquirement for 988 gold pieces
 40382 | Vaults:2 | Bought a scroll of blinking for 142 gold pieces
 40382 | Vaults:2 | Bought a scroll of teleportation for 57 gold pieces
 40382 | Vaults:2 | Bought a scroll of teleportation for 57 gold pieces
 40382 | Vaults:2 | Bought a scroll of fog for 76 gold pieces
 40382 | Vaults:2 | Acquired 1106 gold pieces
 40393 | Vaults:2 | Learned a level 8 spell: Maxwell's Capacitive Coupling
 40490 | Vaults:2 | Reached skill level 19 in Spellcasting
 40513 | Vaults:2 | Killed Mennas
 40981 | Vaults:3 | Reached skill level 16 in Dodging
 41177 | Vaults:3 | Reached skill level 18 in Fire Magic
 41273 | Vaults:3 | Reached skill level 12 in Fighting
 41532 | Vaults:3 | Reached skill level 10 in Shields
 42090 | Vaults:4 | Reached XP level 23. HP: 137/137 MP: 39/48
 42107 | Vaults:4 | Reached skill level 11 in Air Magic
 42912 | Vaults:5 | Entered Level 5 of the Vaults
 42914 | Vaults:5 | Reached skill level 21 in Conjurations
 42920 | Vaults:5 | Noticed an ancient lich
 42927 | Vaults:5 | Killed an ancient lich
 42928 | Vaults:5 | Reached skill level 14 in Evocations
 43495 | Vaults:5 | Found Myivyrou's Book Shop.
 43502 | Vaults:5 | Bought the Almanac of Corpses and Locality for 432 gold
                  | pieces
 43505 | Vaults:5 | Learned a level 2 spell: Blink
 43508 | Vaults:5 | Got a silver rune of Zot
 43545 | Vaults:5 | Identified the +3 chain mail of the Wereyak {rElec rF-
                  | Int+2 SInv}
 43603 | Vaults:5 | Reached skill level 17 in Dodging
 43603 | Vaults:5 | Reached skill level 20 in Spellcasting
 43859 | Vaults:5 | Identified the +7 morningstar of Zuproah {heavy, rC+ Str+5
                  | Stlth+}
 43868 | Vaults:5 | Identified the ring of Spontaneous Combustion {rPois EV+5
                  | Int+3 Dex+3 SInv}
 43894 | Vaults:5 | Noticed an ancient lich
 43899 | Vaults:5 | Killed an ancient lich
 44487 | Vaults:5 | Reached XP level 24. HP: 144/144 MP: 30/49
 45235 | Zot:3    | Identified the of Riuch
 45235 | Zot:3    | Identified the of Joygoff
 45235 | Slime:1  | Entered Level 1 of the Pits of Slime
 45237 | Slime:1  | Reached skill level 12 in Air Magic
 45288 | Slime:2  | Reached skill level 11 in Shields
 45291 | Slime:2  | Reached skill level 13 in Fighting
 45406 | Slime:4  | Reached skill level 19 in Fire Magic
 45456 | Slime:5  | Entered Level 5 of the Pits of Slime
 45491 | Slime:5  | Noticed the Royal Jelly
 45496 | Slime:5  | Killed the Royal Jelly
 45497 | Slime:5  | Reached skill level 22 in Conjurations
 45628 | Slime:5  | Identified the ring "Tickompe" {Drain rPois Will++ Int+3}
 45630 | Slime:5  | Identified the +2 robe of Comuo {rPois Will+ Int+3 SInv}
 45846 | Slime:5  | Found the +3 Elemental Staff {ele, rElec rF+ rC+ AC+3}
 45853 | Slime:5  | Identified the ring of Uskuuzev {Drain rElec rN++ AC+4}
 45915 | Slime:5  | Identified the +6 longbow "Worm's Wrath" {drain, rF+}
 45921 | Slime:5  | Identified the +1 flail "Teco Yxia" {heavy, Will+}
 45924 | Slime:5  | Identified the ring "Rosasupn" {rF+ rC- rN++}
 45927 | Slime:5  | Got a slimy rune of Zot
 45956 | Slime:5  | Identified the +11 spear "Kalytz" {drain, rElec Int+3}
 46252 | Depths:1 | Entered Level 1 of the Depths
 46252 | Depths:1 | Found a gateway to Hell.
 46537 | Depths:1 | Reached skill level 15 in Evocations
 46590 | Depths:1 | Found a one-way gate to the infinite horrors of the Abyss.
 46724 | Depths:1 | Noticed Mara
 46731 | Depths:1 | Killed Mara
 46844 | Depths:1 | Found a one-way gateway to a ziggurat.
 46863 | Depths:1 | Noticed a juggernaut
 47543 | Depths:2 | Identified the of Limakaad (You acquired it on level 2 of
                  | the Depths)
 47543 | Depths:2 | Acquired 964 gold pieces
 47556 | Depths:2 | Found an ancient bone altar of Kikubaaqudgha.
 47593 | Depths:2 | Reached skill level 18 in Dodging
 47890 | Depths:2 | Found a one-way gate leading to the halls of Pandemonium.
 47893 | Depths:2 | Reached skill level 21 in Spellcasting
 47936 | Depths:2 | Reached XP level 25. HP: 150/150 MP: 29/50
 47984 | Depths:2 | Reached skill level 1 in Armour
 48654 | Depths:3 | Reached skill level 2 in Armour
 48684 | Depths:3 | Noticed a shard shrike
 48692 | Depths:3 | Noticed Vv
 48700 | Depths:3 | Killed Vv
 48816 | Depths:3 | Reached skill level 23 in Conjurations
 48816 | Depths:3 | Reached skill level 13 in Air Magic
 49063 | Depths:3 | Killed a shard shrike
 49064 | Depths:3 | Noticed a shard shrike
 49069 | Depths:3 | Killed a shard shrike
 49381 | Depths:3 | Found a transporter.
 49515 | Depths:3 | Found a transporter.
 49607 | Depths:4 | Entered Level 4 of the Depths
 49778 | Depths:4 | Reached skill level 3 in Armour
 49894 | Depths:4 | Found a sacrificial altar of Ru.
 49903 | Depths:4 | Reached skill level 12 in Shields
 49913 | Depths:4 | Found a transporter.
 49956 | Depths:4 | Found a transporter.
 50121 | Depths:4 | Noticed a juggernaut
 50131 | Depths:4 | Killed a juggernaut
 50175 | Depths:4 | Found a transporter.
 50197 | Depths:4 | Found a transporter.
 50332 | Depths:4 | Found Tongau's Jewellery Emporium.
 50343 | Depths:4 | Learned a level 9 spell: Fire Storm
 50343 | Depths:4 | Found Zuirottu's Book Shop.
 50344 | Depths:4 | Found Umovvo's Jewellery Emporium.
 50533 | Depths:4 | Identified the +6 shortbow of the Puffball {freeze, rElec
                  | rF+}
 50537 | Depths:4 | Noticed a juggernaut
 50549 | Depths:4 | Killed a juggernaut
 50690 | Depths:4 | Reached skill level 1 in Shapeshifting
 50838 | Depths:4 | Reached skill level 14 in Fighting
 50859 | Depths:4 | Found a gate to the Realm of Zot.
 51041 | Depths:4 | Found Oxzi's Assorted Antiques.
 51048 | Depths:4 | Bought a potion of heal wounds for 170 gold pieces
 51048 | Depths:4 | Bought a scroll of blinking for 255 gold pieces
 51048 | Depths:4 | Bought the +3 pair of mountain boots {steadfast, rC+} for
                  | 1139 gold pieces
 51048 | Depths:4 | Bought 2 potions of magic for 544 gold pieces
 51048 | Depths:4 | Found the +3 pair of mountain boots {steadfast, rC+}
 51364 | Crypt:1  | Entered Level 1 of the Crypt
 51654 | Crypt:1  | Found a basalt altar of Yredelemnul.
 51669 | Crypt:1  | Reached skill level 16 in Evocations
 51791 | Crypt:1  | Reached skill level 4 in Armour
 51791 | Crypt:1  | Reached skill level 2 in Shapeshifting
 51800 | Crypt:1  | Reached skill level 20 in Fire Magic
 51929 | Crypt:1  | Reached XP level 26. HP: 158/158 MP: 36/50
 52439 | Crypt:2  | Reached skill level 3 in Shapeshifting
 52608 | Crypt:2  | Reached skill level 19 in Dodging
 52973 | Crypt:3  | Entered Level 3 of the Crypt
 52992 | Crypt:3  | Reached skill level 22 in Spellcasting
 53519 | Crypt:3  | Found a staircase to the Tomb.
 53598 | Crypt:3  | Reached skill level 4 in Shapeshifting
 53625 | Crypt:3  | Reached skill level 5 in Armour
 53670 | Crypt:3  | Reached skill level 14 in Air Magic
 53849 | Crypt:3  | Identified the +7 lajatang "Dizehy" {vamp, Dex+3}
 53894 | Crypt:3  | Found an ancient bone altar of Kikubaaqudgha.
 53913 | Crypt:3  | Noticed a dread lich
 53916 | Crypt:3  | Killed a dread lich
 53998 | Crypt:3  | Identified the staff of the Badger {rElec rPois rF- rC+++
                  | Earth}
 54336 | Crypt:3  | Noticed Xtahua
 54353 | Crypt:3  | Killed Xtahua
 54746 | Depths:1 | Killed a juggernaut
 55045 | Elf:3    | Bought a scroll of vulnerability for 44 gold pieces
 55045 | Elf:3    | Bought a potion of brilliance for 44 gold pieces
 55311 | D:6      | Bought a runed orb for 264 gold pieces
 55313 | D:6      | Bought a glowing orb for 264 gold pieces
 55313 | D:6      | Bought a potion of enlightenment for 110 gold pieces
 55432 | Lair:1   | Learned a level 8 spell: Disjunction
 55758 | Zot:1    | Entered Level 1 of the Realm of Zot
 55782 | Zot:1    | Identified the +1 storm dragon scales of Raumiykk {+Blink
                  | rElec MP-9 Dex+3 SInv}
 56034 | Zot:1    | Reached skill level 5 in Shapeshifting
 56094 | Zot:1    | Identified the +0 falchion "Dragon's Demise" {drain, rPois
                  | rC- Int+5}
 56466 | Zot:1    | Reached skill level 6 in Translocations
 56466 | Zot:1    | Reached XP level 27. HP: 164/164 MP: 40/51
 56816 | Zot:2    | Reached skill level 6 in Armour
 56839 | Zot:2    | Reached skill level 13 in Shields
 56849 | Zot:2    | Reached skill level 17 in Evocations
 56968 | Zot:2    | Identified the +4 mace "Uvotuff" {speed, rElec Stlth+}
 56974 | Zot:2    | Identified the +1 leather armour of Vixi {Dex+2}
 57018 | Zot:2    | Reached skill level 7 in Translocations
 57924 | Zot:3    | Found a shimmering altar of Xom.
 58238 | Zot:3    | Reached skill level 8 in Translocations
 58362 | Zot:3    | Reached skill level 15 in Fighting
 58513 | Zot:3    | Reached skill level 20 in Dodging
 59132 | Zot:4    | Reached skill level 21 in Fire Magic
 59537 | Zot:5    | Entered Level 5 of the Realm of Zot
 59609 | Zot:4    | Reached skill level 9 in Translocations
 59690 | Zot:4    | Reached skill level 23 in Spellcasting
 59711 | Zot:5    | Noticed a dread lich
 59714 | Zot:5    | Reached skill level 15 in Air Magic
 59715 | Zot:5    | Killed a dread lich
 59716 | Zot:5    | Reached skill level 7 in Armour
 59718 | Zot:5    | Gained mutation: You are weak. (Str -2) [mutagenic glow]
 59803 | Zot:5    | Reached skill level 24 in Conjurations
 60059 | Zot:5    | Noticed an orb of fire
 60067 | Zot:5    | Noticed an orb of fire
 60072 | Zot:5    | Gained mutation: You are dopey. (Int -2) [an orb of fire]
 60073 | Zot:5    | Killed an orb of fire
 60073 | Zot:5    | Killed an orb of fire
 60081 | Zot:5    | Noticed an orb of fire
 60082 | Zot:5    | Noticed an orb of fire
 60144 | Zot:5    | Killed an orb of fire
 60145 | Zot:5    | Reached skill level 10 in Translocations
 60161 | Zot:5    | Noticed an orb of fire
 60164 | Zot:5    | Killed an orb of fire
 60180 | Zot:5    | Noticed an orb of fire
 60252 | Zot:5    | Killed an orb of fire
 60254 | Zot:5    | Killed an orb of fire
 60327 | Zot:5    | Noticed an orb of fire
 60330 | Zot:5    | Killed an orb of fire
 60330 | Zot:5    | Noticed a dread lich
 60331 | Zot:5    | Killed a dread lich
 60516 | Zot:5    | Noticed a dread lich
 60520 | Zot:5    | Killed a dread lich
 60614 | Zot:5    | Reached skill level 11 in Translocations
 60623 | Zot:5    | Noticed an orb of fire
 60627 | Zot:5    | Killed an orb of fire
 60638 | Zot:5    | Killed an ancient lich
 60707 | Zot:5    | Reached skill level 18 in Evocations
 61588 | Orc:2    | Bought a potion of mutation for 88 gold pieces
 61783 | D:6      | Bought a manual of Air Magic for 1120 gold pieces
 62027 | Tomb:3   | Identified the "Bohom"
 62027 | Tar:7    | Identified the "Ympogavvu"
 62027 | Dis:7    | Identified the "Yliwoywk"
 62027 | Pan      | Entered the realm of Lom Lobon.
 62027 | Pan      | Entered Pandemonium
 62311 | Pan      | Reached skill level 8 in Armour
 62880 | Pan      | Reached skill level 14 in Shields
 62910 | Pan      | Noticed Lom Lobon
 62911 | Pan      | Reached skill level 12 in Translocations
 63130 | Pan      | Killed Lom Lobon
 63138 | Pan      | Got a magical rune of Zot
 64014 | Pan      | Learned a level 9 spell: Shatter
 64026 | Pan      | Found an exit through the horrors of the Abyss.
 64134 | Pan      | Reached skill level 1 in Earth Magic
 64146 | Pan      | Reached skill level 21 in Dodging
 64192 | Pan      | Entered the realm of Gloorx Vloq.
 64235 | Pan      | Reached skill level 1 in Staves
 64293 | Pan      | Reached skill level 2 in Earth Magic
 64580 | Pan      | Noticed Gloorx Vloq
 64585 | Pan      | Reached skill level 3 in Earth Magic
 64589 | Pan      | Killed Gloorx Vloq
 64597 | Pan      | Got a dark rune of Zot
 64716 | Pan      | Reached skill level 2 in Staves
 65034 | Pan      | Reached skill level 13 in Translocations
 65034 | Pan      | Reached skill level 4 in Earth Magic
 65045 | Pan      | Reached skill level 24 in Spellcasting
 65307 | Pan      | Reached skill level 16 in Air Magic
 65671 | Pan      | Noticed Ysinol Kilyo the pandemonium lord
 65675 | Pan      | Killed Ysinol Kilyo the pandemonium lord
 65676 | Pan      | Reached skill level 3 in Staves
 65678 | Pan      | Reached skill level 5 in Earth Magic
 65689 | Pan      | Reached skill level 16 in Fighting
 65788 | Pan      | Identified the of Xavuthral
 65788 | Pan      | Entered the realm of Mnoleg.
 65803 | Pan      | Reached skill level 22 in Fire Magic
 65856 | Pan      | Reached skill level 9 in Armour
 66222 | Pan      | Reached skill level 6 in Earth Magic
 66366 | Pan      | Reached skill level 3 in Stealth
 66374 | Pan      | Gained mutation: You are frail. (-10% HP) [a neqoxec]
 66467 | Pan      | Reached skill level 4 in Staves
 66527 | Pan      | Found an exit through the horrors of the Abyss.
 66686 | Pan      | Noticed Mnoleg
 66691 | Pan      | Killed Mnoleg
 66803 | Pan      | Got a glowing rune of Zot
 66985 | Pan      | Took an exit into the Abyss.
 66985 | Abyss:1  | Escaped into the Abyss
 67160 | Abyss:1  | Found a hazy altar of Hepliaklqana.
 67181 | Abyss:1  | Reached skill level 14 in Translocations
 67333 | Abyss:2  | Reached skill level 7 in Earth Magic
 67400 | Abyss:2  | Found a corrupted altar of Lugonu.
 67417 | Abyss:2  | Reached skill level 4 in Stealth
 67418 | Abyss:3  | Found a corrupted altar of Lugonu.
 67544 | Abyss:3  | Found a shimmering altar of Xom.
 67544 | Abyss:3  | Found a shimmering altar of Xom.
 67544 | Abyss:3  | Found a shimmering altar of Xom.
 67547 | Abyss:3  | Found a shimmering altar of Xom.
 67547 | Abyss:3  | Found a shimmering altar of Xom.
 67547 | Abyss:3  | Found a corrupted altar of Lugonu.
 67547 | Abyss:3  | Found a shimmering altar of Xom.
 67548 | Abyss:3  | Found a shimmering altar of Xom.
 67548 | Abyss:3  | Found a shimmering altar of Xom.
 67548 | Abyss:3  | Found a shimmering altar of Xom.
 67548 | Abyss:3  | Found a shimmering altar of Xom.
 67549 | Abyss:3  | Found a shimmering altar of Xom.
 67591 | Abyss:3  | Found a shimmering altar of Xom.
 67664 | Abyss:3  | Found a shimmering altar of Xom.
 67664 | Abyss:3  | Found a shimmering altar of Xom.
 67681 | Abyss:3  | Found a corrupted altar of Lugonu.
 67692 | Abyss:3  | Found a corrupted altar of Lugonu.
 67704 | Abyss:3  | Found a blossoming altar of Fedhas.
 67800 | Abyss:3  | Found a blossoming altar of Fedhas.
 67844 | Abyss:3  | Reached skill level 5 in Stealth
 67869 | Abyss:3  | Reached skill level 8 in Earth Magic
 67889 | Abyss:3  | Got an abyssal rune of Zot
 67935 | Depths:2 | Escaped the Abyss
 67936 | Depths:2 | Lost mutation: You are weak. (Str -2) [potion of mutation]
 67936 | Depths:2 | Lost mutation: You are dopey. (Int -2) [potion of mutation]
 67936 | Depths:2 | Lost mutation: You are frail. (-10% HP) [potion of
                  | mutation]
 67936 | Depths:2 | Gained mutation: You have large cloven feet. [potion of
                  | mutation]
 67936 | Depths:2 | Gained mutation: Your magical capacity is low. (-10% MP)
                  | [potion of mutation]
 67936 | Depths:2 | Gained mutation: You expend magic power (3 MP) to
                  | strengthen your wands. [potion of mutation]
 67937 | Depths:2 | Lost mutation: You have large cloven feet. [potion of
                  | mutation]
 67937 | Depths:2 | Lost mutation: You expend magic power (3 MP) to strengthen
                  | your wands. [potion of mutation]
 67937 | Depths:2 | Lost mutation: Your magical capacity is low. (-10% MP)
                  | [potion of mutation]
 67937 | Depths:2 | Gained mutation: You are agile. (Dex +4, Str/Int -1)
                  | [potion of mutation]
 67937 | Depths:2 | Gained mutation: You possess an exceptional clarity of
                  | mind. [potion of mutation]
 67937 | Depths:2 | Gained mutation: You have a pair of small antennae on your
                  | head. [potion of mutation]
 67951 | Pan      | Entered Pandemonium
 68029 | Pan      | Identified the of Ynludu
 68029 | Pan      | Identified the "Edujeg"
 68029 | Pan      | Identified the "Wuunutz"
 68029 | Pan      | Entered the realm of Cerebov.
 68049 | Pan      | Reached skill level 5 in Staves
 68497 | Pan      | Identified the ring "Urit" {rF++ Slay+4}
 68502 | Pan      | Found the +6 sword of Cerebov {flame}
 68502 | Pan      | Noticed Cerebov
 68504 | Pan      | Identified the ring "Xaschia" {Will+ MP+9}
 68506 | Pan      | Reached skill level 25 in Conjurations
 68719 | Pan      | Found an exit through the horrors of the Abyss.
 68847 | Pan      | Killed Cerebov
 68848 | Pan      | Reached skill level 6 in Stealth
 68848 | Pan      | Reached skill level 17 in Air Magic
 68875 | Pan      | Identified the +3 troll leather armour "Ewoxusus" {rPois
                  | Regen+ Str+2 Slay+3}
 68913 | Pan      | Identified the ring of Geghit {rPois Str+2 Int-5 Dex+4}
 68951 | Pan      | Got a fiery rune of Zot
 68994 | Pan      | Reached skill level 9 in Earth Magic
 69005 | Pan      | Reached skill level 15 in Translocations
 69300 | Pan      | Noticed Rionudd the pandemonium lord
 69304 | Pan      | Killed Rionudd the pandemonium lord
 69348 | Pan      | Identified the "Osalonwu"
 69593 | Pan      | Reached skill level 6 in Staves
 69632 | Pan      | Found an exit through the horrors of the Abyss.
 69635 | Pan      | Reached skill level 7 in Stealth
 69784 | Pan      | Noticed Idaeny the pandemonium lord
 69790 | Pan      | Killed Idaeny the pandemonium lord
 69844 | Pan      | Reached skill level 15 in Shields
 69908 | Pan      | Reached skill level 10 in Earth Magic
 69974 | Pan      | Noticed Loxihumi the pandemonium lord
 69978 | Pan      | Reached skill level 10 in Armour
 69979 | Pan      | Killed Loxihumi the pandemonium lord
 70304 | Pan      | Identified the "Mugeif"
 70562 | Pan      | Noticed Luywir the pandemonium lord
 70563 | Pan      | Killed Luywir the pandemonium lord
 70564 | Pan      | Reached skill level 8 in Stealth
 70773 | Pan      | Reached skill level 16 in Translocations
 70774 | Pan      | Noticed Heimna the pandemonium lord
 70777 | Pan      | Killed Heimna the pandemonium lord
 70778 | Pan      | Reached skill level 25 in Spellcasting
 70778 | Pan      | Reached skill level 11 in Earth Magic
 70828 | Pan      | Reached skill level 7 in Staves
 70892 | Pan      | Gained mutation: You are covered in fur. (AC +1) [a
                  | cacodemon]
 70966 | Pan      | Found an exit through the horrors of the Abyss.
 71133 | Pan      | Noticed Pecifap the pandemonium lord
 71137 | Pan      | Killed Pecifap the pandemonium lord
 71400 | Pan      | Reached skill level 9 in Stealth
 71477 | Pan      | Noticed Ymowk the pandemonium lord
 71480 | Pan      | Killed Ymowk the pandemonium lord
 71857 | Pan      | Reached skill level 12 in Earth Magic
 72210 | Pan      | Found a glowing silver altar of Zin.
 72354 | Pan      | Reached skill level 17 in Fighting
 72495 | Pan      | Reached skill level 17 in Translocations
 72649 | Pan      | Reached skill level 8 in Staves
 72655 | Pan      | Reached skill level 23 in Fire Magic
 72721 | Pan      | Learned a level 9 spell: Polar Vortex
 72843 | Pan      | Identified the ring of Ryasoy {rElec Dex+6}
 72846 | Pan      | Identified the +2 scale mail of Fashionability {rC- rN+
                  | rCorr Str+3}
 72859 | Pan      | Reached skill level 1 in Ice Magic
 72953 | Pan      | Found a glowing golden altar of the Shining One.
 72966 | Pan      | Noticed a seraph
 73057 | Pan      | Reached skill level 10 in Stealth
 73131 | Pan      | Killed a seraph
 73205 | Pan      | Got a demonic rune of Zot
 73212 | Pan      | Identified the +6 quick blade of Due Proportion {drain,
                  | *Rage rElec Will+ Dex+3}
 73219 | Pan      | Identified the +0 long sword of Urgency {flame, rF+ Dex+3}
 73295 | Pan      | Reached skill level 2 in Ice Magic
 73461 | Pan      | Found a white marble altar of Elyvilon.
 73480 | Pan      | Reached skill level 3 in Ice Magic
 73586 | Pan      | Reached skill level 13 in Earth Magic
 74122 | Pan      | Reached skill level 4 in Ice Magic
 74136 | Depths:2 | Escaped Pandemonium
 74506 | Hell     | Entered the Vestibule of Hell
 74506 | Hell     | Noticed Geryon
 74509 | Hell     | Killed Geryon
 74514 | Hell     | Reached skill level 1 in Throwing
 74642 | Zig:1    | Entered Level 1 of a ziggurat
 74672 | Zig:1    | Identified the +6 ring mail "Vekeym" {rF+}
 74675 | Zig:2    | Identified the "Lij Sesk"
 74675 | Zig:2    | Entered Level 2 of a ziggurat
 74793 | Zig:3    | Entered Level 3 of a ziggurat
 74819 | Zig:4    | Identified the "Agok"
 74819 | Zig:4    | Entered Level 4 of a ziggurat
 74840 | Zig:4    | Identified the +0 scale mail of Weiseun {-Cast rElec Str+4}
 74842 | Zig:4    | Identified the +4 mace of the Dozen Moons {heavy, Contam
                  | Str+4 Int+5}
 74846 | Zig:5    | Entered Level 5 of a ziggurat
 74852 | Zig:5    | Reached skill level 2 in Throwing
 74977 | Zig:6    | Entered Level 6 of a ziggurat
 74984 | Zig:6    | Noticed a dread lich
 74986 | Zig:6    | Killed a dread lich
 74986 | Zig:6    | Killed an ancient lich
 74987 | Zig:6    | Reached skill level 5 in Ice Magic
 75019 | Zig:7    | Identified the "Xuw Liwn"
 75019 | Zig:7    | Entered Level 7 of a ziggurat
 75058 | Zig:7    | Identified the +1 leather armour of the Kodama {rC+ rN+
                  | Will+ Str+3}
 75064 | Zig:7    | Identified the +2 cloak of a ziggurat {rN+ Str+2}
 75090 | Zig:8    | Identified the "Toteufil"
 75090 | Zig:8    | Entered Level 8 of a ziggurat
 75092 | Zig:8    | Reached skill level 3 in Throwing
 75097 | Zig:8    | Noticed an ancient lich
 75099 | Zig:8    | Killed an ancient lich
 75132 | Zig:9    | Identified the "Kaimiub"
 75132 | Zig:9    | Entered Level 9 of a ziggurat
 75141 | Zig:9    | Reached skill level 9 in Staves
 75142 | Zig:9    | Reached skill level 6 in Ice Magic
 75155 | Zig:9    | Identified the +10 long sword of Wariness {spect, Drain rF+
                  | Will+ Dex+2}
 75162 | Zig:9    | Identified the +4 trident "Pusytt" {spect, rElec Will+
                  | Str+5}
 75163 | Zig:9    | Identified the +2 mace "Jigis" {freeze, Drain Str+3 Int+3}
 75167 | Zig:10   | Identified the "Xikhiase"
 75167 | Zig:10   | Entered Level 10 of a ziggurat
 75178 | Zig:10   | Reached skill level 4 in Throwing
 75274 | Zig:10   | Identified the +5 ring mail of Niobbytu {rPois rF+ Int+4}
 75276 | Zig:10   | Identified the ring "Jihaum" {*Slow rF+ rCorr Str+3 Dex+3}
 75282 | Zig:11   | Entered Level 11 of a ziggurat
 75287 | Zig:11   | Noticed a dread lich
 75290 | Zig:11   | Reached skill level 14 in Earth Magic
 75290 | Zig:11   | Killed a dread lich
 75290 | Zig:11   | Noticed an ancient lich
 75291 | Zig:11   | Killed an ancient lich
 75292 | Zig:11   | Noticed an ancient lich
 75294 | Zig:11   | Killed an ancient lich
 75317 | Zig:11   | Identified the +0 leather armour of Insatiable Hunger {Harm
                  | rPois rF+ Regen+}
 75327 | Zig:11   | Identified the +5 rapier "Limmeut" {flame, Fly Str+4}
 75332 | Zig:12   | Entered Level 12 of a ziggurat
 75343 | Zig:12   | Reached skill level 5 in Throwing
 75345 | Zig:12   | Reached skill level 7 in Ice Magic
 75358 | Zig:12   | Identified the +9 broad axe of Mezuhar {flame, Fragile
                  | rElec MP+9 Int+5}
 75382 | Zig:13   | Entered Level 13 of a ziggurat
 75387 | Zig:13   | Noticed Vatoret the pandemonium lord
 75389 | Zig:13   | Killed Vatoret the pandemonium lord
 75392 | Zig:13   | Reached skill level 26 in Spellcasting
 75418 | Zig:13   | Identified the +0 chain mail of Anlaq {rC+ Int+3}
 75423 | Zig:13   | Reached skill level 16 in Shields
 75427 | Zig:13   | Identified the +8 tower shield of Jigsaw {Harm rC- rN+++
                  | Str-2}
 75428 | Zig:13   | Identified the ring of the Prince of Darkness {+Blink
                  | rCorr}
 75434 | Zig:14   | Identified the "Tamuashe"
 75434 | Zig:14   | Identified the "Laukat"
 75434 | Zig:14   | Identified the of Jyenefecw
 75434 | Zig:14   | Entered Level 14 of a ziggurat
 75448 | Zig:14   | Reached skill level 6 in Throwing
 75452 | Zig:14   | Reached skill level 8 in Ice Magic
 75461 | Zig:14   | Found the +10 morningstar "Eos" {elec, Halo rElec}
 75488 | Zig:14   | Identified the staff "Esuanlai" {rF- rC+ Str+7 Earth}
 75489 | Zig:14   | Identified the +3 plate armour of Cowardice {rElec rCorr
                  | Int-5 Dex-3}
 75490 | Zig:14   | Identified the +3 acid dragon scales of Exclusion {rPois
                  | Regen+ rCorr MP+9 Int-4}
 75517 | Zig:15   | Identified the "Larchi Beip"
 75517 | Zig:15   | Identified the of Pyex
 75517 | Zig:15   | Entered Level 15 of a ziggurat
 75531 | Zig:15   | Reached skill level 18 in Translocations
 75535 | Zig:15   | Reached skill level 15 in Earth Magic
 75543 | Zig:15   | Found the ring of the Hare {EV+10}
 75544 | Zig:15   | Found the +8 frozen axe "Frostbite" {freeze, freezing
                  | cloud, *Noise Fly rC+}
 75587 | Zig:15   | Identified the staff of the Valley {rC+ Will- Int+3 Dex+6
                  | Ice}
 75589 | Zig:15   | Identified the +0 ring mail of Sexun {rCorr Dex+4}
 75602 | Zig:15   | Identified the +4 ring mail of Juqaediy {rElec Str+3
                  | Slay+5}
 75639 | Zig:16   | Entered Level 16 of a ziggurat
 75650 | Zig:16   | Reached skill level 10 in Staves
 75650 | Zig:16   | Reached skill level 7 in Throwing
 75651 | Zig:16   | Reached skill level 9 in Ice Magic
 75689 | Zig:16   | Found the +5 scythe "Finisher" {speed, execute}
 75697 | Zig:16   | Identified the +11 mace of Death {freeze, +Blink rCorr}
 75707 | Zig:16   | Identified the +0 chain mail "Uges" {rElec SInv}
 75717 | Zig:16   | Identified the ring of the Thirteen Ears {rF+ Will+ Str-5
                  | Int+6 Dex+2 SInv}
 75718 | Zig:16   | Identified the +3 falchion "Alinimp" {vamp, rElec rF+ Str+3
                  | Int+2}
 75723 | Zig:16   | Identified the +8 dagger of Non Obstante Veredicto {pain,
                  | rN++ Stlth+}
 75732 | Zig:17   | Entered Level 17 of a ziggurat
 75732 | Zig:17   | Noticed a dread lich
 75756 | Zig:17   | Noticed a royal mummy
 75758 | Zig:17   | Killed a royal mummy
 75760 | Zig:17   | Noticed a royal mummy
 75762 | Zig:17   | Noticed a royal mummy
 75764 | Zig:17   | Killed a royal mummy
 75765 | Zig:17   | Killed a royal mummy
 75766 | Zig:17   | Killed a royal mummy
 75778 | Zig:17   | Noticed a royal mummy
 75781 | Zig:17   | Killed a royal mummy
 75787 | Zig:17   | Killed a royal mummy
 75788 | Zig:17   | Reached skill level 8 in Throwing
 75866 | Zig:17   | Killed a dread lich
 75888 | Zig:17   | Noticed a royal mummy
 75890 | Zig:17   | Killed a royal mummy
 75891 | Zig:17   | Reached skill level 10 in Ice Magic
 75962 | Zig:17   | Found the amulet of the Four Winds {rN+ Will+++ Clar}
 75968 | Zig:17   | Identified the +2 pair of gloves "Zurr" {Str-5 Dex+5}
 75975 | Zig:17   | Identified the ring of Uckux {Fire Will+}
 75980 | Zig:17   | Identified the +11 chain mail of the Hippo {Rampage rCorr}
 76016 | Zig:18   | Entered Level 18 of a ziggurat
 76027 | Zig:18   | Noticed an ancient lich
 76028 | Zig:18   | Reached skill level 16 in Earth Magic
 76028 | Zig:18   | Killed an ancient lich
 76031 | Zig:18   | Reached skill level 9 in Throwing
 76032 | Zig:18   | Noticed an ancient lich
 76033 | Zig:18   | Killed an ancient lich
 76056 | Zig:18   | Identified the amulet of Comuuhi {RegenMP Int+4 Dex+3}
 76084 | Zig:18   | Identified the +0 falchion "Tublydarph" {freeze, rPois
                  | Int-4 SInv Stlth+}
 76088 | Zig:18   | Identified the amulet "Nuoguneff" {Acrobat Dex+7 Slay+2}
 76112 | Zig:19   | Entered Level 19 of a ziggurat
 76122 | Zig:19   | Reached skill level 24 in Fire Magic
 76122 | Zig:19   | Reached skill level 11 in Ice Magic
 76124 | Zig:19   | Reached skill level 18 in Fighting
 76124 | Zig:19   | Reached skill level 17 in Shields
 76128 | Zig:19   | Reached skill level 11 in Staves
 76169 | Zig:19   | Identified the staff "Dopifu" {rElec rC+ Ice}
 76173 | Zig:19   | Identified the ring "Wofawyl" {Wiz Int+6 Dex+3}
 76199 | Zig:20   | Identified the "Esasah"
 76199 | Zig:20   | Identified the "Xohaen"
 76199 | Zig:20   | Entered Level 20 of a ziggurat
 76209 | Zig:20   | Noticed an ancient lich
 76211 | Zig:20   | Killed an ancient lich
 76212 | Zig:20   | Reached skill level 10 in Throwing
 76214 | Zig:20   | Noticed a dread lich
 76215 | Zig:20   | Killed a dread lich
 76218 | Zig:20   | Killed an ancient lich
 76221 | Zig:20   | Reached skill level 12 in Ice Magic
 76221 | Zig:20   | Reached skill level 17 in Earth Magic
 76243 | Zig:20   | Found the +8 arc blade {discharge, rElec}
 76302 | Zig:20   | Identified the +10 dagger of Gepsuy {heavy, rF+}
 76322 | Zig:21   | Identified the "Ujuck"
 76322 | Zig:21   | Entered Level 21 of a ziggurat
 76364 | Zig:21   | Reached skill level 12 in Staves
 76372 | Zig:21   | Reached skill level 11 in Throwing
 76411 | Zig:21   | Found the +5 Force Lance {heavy, knockback}
 76412 | Zig:21   | Found the +7 hand cannon "Mule" {flame, backblast, rF+}
 76430 | Zig:21   | Identified the ring "Muphet" {rC- EV+5 Int+4 Slay+2}
 76432 | Zig:21   | Identified the +9 orcbow of Resumed Hostilities {heavy,
                  | rPois Str+3 Int-2}
 76459 | Zig:22   | Identified the "Qolasch"
 76459 | Zig:22   | Identified the "Kyralurr"
 76459 | Zig:22   | Entered Level 22 of a ziggurat
 76485 | Zig:22   | Reached skill level 13 in Ice Magic
 76562 | Zig:22   | Identified the +1 war axe of Esosch {vamp, *Slow rN+ Int+2}
 76566 | Zig:22   | Identified the +4 great sword "Lacil" {drain, Int+5}
 76570 | Zig:22   | Identified the +1 chain mail of the Distant Future {rN+}
 76577 | Zig:22   | Identified the +8 chain mail of Dishonour {Fly rN+ Str+6
                  | Dex+3}
 76580 | Zig:22   | Identified the +7 war axe of Uviu {vamp, rN+++ Will+ Dex-5}
 76612 | Zig:22   | Identified the ring of Mishrib {Wiz rF+ Str+5}
 76640 | Zig:23   | Identified the "Ryhej"
 76640 | Zig:23   | Entered Level 23 of a ziggurat
 76657 | Zig:23   | Reached skill level 18 in Earth Magic
 76659 | Zig:23   | Reached skill level 12 in Throwing
 76751 | Zig:23   | Reached skill level 14 in Ice Magic
 76754 | Zig:24   | Identified the "Ylyb"
 76754 | Zig:24   | Entered Level 24 of a ziggurat
 76781 | Zig:24   | Reached skill level 13 in Throwing
 76820 | Zig:24   | Identified the +8 morningstar of Mooryc Idwo {freeze, rF+
                  | rCorr}
 76828 | Zig:24   | Identified the +1 short sword of Feddih {freeze, Dex+5}
 76829 | Zig:24   | Identified the staff "Worm" {rElec rN+ rCorr Str+2 Dex+2
                  | Necro}
 76830 | Zig:24   | Identified the +4 halberd "Rarad" {pain, *Corrode rElec
                  | Int+2}
 76847 | Zig:24   | Reached skill level 19 in Earth Magic
 76864 | Zig:25   | Entered Level 25 of a ziggurat
 76877 | Zig:25   | Reached skill level 19 in Fighting
 76878 | Zig:25   | Reached skill level 15 in Ice Magic
 76891 | Zig:25   | Reached skill level 25 in Fire Magic
 76896 | Zig:25   | Reached skill level 14 in Throwing
 76936 | Zig:25   | Identified the +0 scale mail of the Apothecary {Harm Drain
                  | Fly Int+6}
 76946 | Zig:25   | Reached skill level 18 in Shields
 76949 | Zig:25   | Identified the ring of the Growing Jester {rPois Dex+5}
 76955 | Zig:25   | Identified the +3 broad axe "Killer Bee's Peril" {heavy,
                  | Int+2 Dex+4}
 76979 | Zig:26   | Entered Level 26 of a ziggurat
 76994 | Zig:26   | Reached skill level 16 in Ice Magic
 77002 | Zig:26   | Reached skill level 20 in Earth Magic
 77047 | Zig:26   | Identified the ring "Foagh" {rPois Will+ Str+2 SInv}
 77051 | Zig:26   | Identified the ring "Huremuxt" {Fly rPois rC- rN+ EV+5}
 77134 | Zig:27   | Identified the of Qavor
 77134 | Zig:27   | Entered Level 27 of a ziggurat
 77154 | Zig:27   | Reached skill level 15 in Throwing
 77161 | Zig:27   | Reached skill level 17 in Ice Magic
 77208 | Zig:27   | Identified the +1 trident "Bozol" {holy, Stlth+}
 77222 | Zig:27   | Identified the +3 flail of Dishonesty {flame, Str+3 Int+3}
 77253 | Zig:27   | Identified the +10 rapier "Loutwumo" {freeze, Contam rC+
                  | rN+ Int+3}
 77405 | Hell     | Reached skill level 1 in Short Blades
 77406 | Hell     | Reached skill level 21 in Earth Magic
 77413 | Hell     | Reached skill level 16 in Throwing
 77414 | Hell     | Reached skill level 2 in Short Blades
 77612 | Hell     | Found a gateway to the freezing wastes of Cocytus.
 77724 | Hell     | Found a gateway to the Iron City of Dis.
 77778 | Hell     | Found a gateway to the ashen valley of Gehenna.
 77846 | Hell     | Found a gateway to the decaying netherworld of Tartarus.
 77987 | Dis:1    | Entered Level 1 of the Iron City of Dis
 77997 | Dis:1    | Reached skill level 3 in Short Blades
 78207 | Dis:3    | Reached skill level 4 in Short Blades
 78207 | Dis:3    | Reached skill level 18 in Ice Magic
 78211 | Dis:3    | Reached skill level 6 in Shapeshifting
 78314 | Dis:4    | Reached skill level 17 in Throwing
 78402 | Dis:4    | Reached skill level 5 in Short Blades
 78846 | Dis:6    | Noticed a dread lich
 78847 | Dis:6    | Killed a dread lich
 78849 | Dis:6    | Reached skill level 6 in Short Blades
 78933 | Dis:7    | Entered Level 7 of the Iron City of Dis
 78938 | Dis:7    | Reached skill level 7 in Shapeshifting
 78951 | Dis:7    | Reached skill level 18 in Throwing
 78964 | Dis:7    | Reached skill level 20 in Fighting
 78982 | Dis:7    | Reached skill level 22 in Earth Magic
 79001 | Hell     | Reached skill level 7 in Short Blades
 79312 | Dis:7    | Reached skill level 19 in Ice Magic
 79739 | Dis:7    | Noticed a juggernaut
 79742 | Dis:7    | Killed a juggernaut
 79837 | Dis:7    | Reached skill level 8 in Short Blades
 79865 | Dis:7    | Found the +11 plutonium sword {Contam Stlth-}
 79883 | Dis:7    | Identified the +5 battleaxe "Jellybane" {vamp, Int+3}
 80131 | Dis:7    | Reached skill level 19 in Throwing
 80133 | Dis:7    | Reached skill level 19 in Shields
 80135 | Dis:7    | Reached skill level 19 in Translocations
 80136 | Dis:7    | Reached skill level 8 in Shapeshifting
 80294 | Dis:7    | Noticed a juggernaut
 80299 | Dis:7    | Killed a juggernaut
 80334 | Dis:7    | Noticed Dispater
 80339 | Dis:7    | Killed Dispater
 80452 | Dis:7    | Got an iron rune of Zot
 80458 | Dis:7    | Identified the +9 trident of Sulphur {freeze, *Rage rF+
                  | Dex+2}
 80630 | Coc:1    | Entered Level 1 of Cocytus
 80838 | Coc:4    | Reached skill level 9 in Short Blades
 80951 | Coc:5    | Reached skill level 20 in Throwing
 81096 | Coc:6    | Reached skill level 20 in Ice Magic
 81164 | Coc:7    | Entered Level 7 of Cocytus
 81171 | Coc:7    | Reached skill level 9 in Shapeshifting
 81177 | Coc:7    | Reached skill level 23 in Earth Magic
 81205 | Coc:7    | Reached skill level 10 in Short Blades
 81275 | Coc:7    | Noticed the Serpent of Hell
 81281 | Coc:7    | Killed the Serpent of Hell
 81511 | Coc:7    | Paralysed by a wendigo for 1 turns
 81573 | Coc:7    | Paralysed by a wendigo for 1 turns
 81669 | Coc:7    | Paralysed by a wendigo for 1 turns
 81769 | Coc:7    | Reached skill level 11 in Short Blades
 81969 | Coc:7    | Identified the +5 long sword of the Walnut {elec, rPois
                  | rC+}
 81969 | Coc:7    | Noticed Antaeus
 81973 | Coc:7    | Killed Antaeus
 82102 | Coc:7    | Identified the +1 rapier "Conuram" {heavy, *Noise Will++}
 82123 | Coc:7    | Got an icy rune of Zot
 82228 | Geh:1    | Entered Level 1 of Gehenna
 82234 | Geh:1    | Reached skill level 10 in Shapeshifting
 82415 | Geh:2    | Reached skill level 20 in Translocations
 82426 | Geh:2    | Reached skill level 21 in Ice Magic
 82455 | Geh:2    | Reached skill level 21 in Throwing
 82709 | Geh:5    | Noticed a dread lich
 82713 | Geh:5    | Killed a dread lich
 82714 | Geh:5    | Reached skill level 12 in Short Blades
 82859 | Geh:6    | Reached skill level 24 in Earth Magic
 83008 | Geh:7    | Entered Level 7 of Gehenna
 83914 | Geh:7    | Found the +13 sceptre of Asmodeus
 83914 | Geh:7    | Noticed Asmodeus
 83955 | Geh:7    | Killed Asmodeus
 84109 | Geh:7    | Got an obsidian rune of Zot
 84295 | Tar:1    | Entered Level 1 of Tartarus
 84465 | Tar:3    | Noticed a dread lich
 84467 | Tar:3    | Killed a dread lich
 84533 | Tar:3    | Reached skill level 13 in Short Blades
 84540 | Tar:3    | Reached skill level 11 in Shapeshifting
 84787 | Tar:4    | Reached skill level 21 in Fighting
 84881 | Tar:4    | Reached skill level 22 in Ice Magic
 85190 | Tar:5    | Reached skill level 22 in Throwing
 85191 | Tar:5    | Reached skill level 20 in Shields
 85284 | Tar:6    | Reached skill level 14 in Short Blades
 85340 | Tar:7    | Entered Level 7 of Tartarus
 85343 | Tar:7    | Noticed an ancient lich
 85348 | Tar:7    | Killed an ancient lich
 85349 | Tar:7    | Reached skill level 25 in Earth Magic
 85723 | Tar:7    | Identified the +0 buckler "Ompakh" {rF+}
 85743 | Tar:7    | Identified the staff of Bloody Death {rPois Str+3 Conj}
 85756 | Tar:7    | Identified the staff "Kixookk" {+Blink rC+ rCorr Int-5 SInv
                  | Ice}
 85805 | Tar:7    | Found the ring of Shadows {Umbra +Inv Stlth+}
 85870 | Tar:7    | Reached skill level 12 in Shapeshifting
 85892 | Tar:7    | Identified the ring of Vizutoze {Will+ Str-5 Int+6 Dex+3
                  | Slay+2}
 85930 | Tar:7    | Noticed a dread lich
 85934 | Tar:7    | Killed a dread lich
 85936 | Tar:7    | Noticed a dread lich
 85938 | Tar:7    | Killed a dread lich
 86023 | Tar:7    | Identified the +1 robe of the Lotus Blossom {MP+9}
 86024 | Tar:7    | Identified the +1 plate armour "Jaka" {Harm Will- Slay+3}
 86069 | Tar:7    | Reached skill level 23 in Ice Magic
 86167 | Tar:7    | Identified the amulet "Mastuemm" {rF+ Will+ Regen+}
 86173 | Tar:7    | Identified the +3 dagger of Rotaef {heavy, rC+}
 86205 | Tar:7    | Reached skill level 15 in Short Blades
 86329 | Tar:7    | Noticed Ereshkigal
 86333 | Tar:7    | Killed Ereshkigal
 86354 | Tar:7    | Got a bone rune of Zot
 86727 | Tomb:1   | Entered Level 1 of the Tomb of the Ancients
 86773 | Tomb:1   | Noticed a royal mummy
 86781 | Tomb:1   | Killed a royal mummy
 86784 | Tomb:1   | Noticed a royal mummy
 86856 | Tomb:1   | Killed a royal mummy
 86866 | Tomb:1   | Noticed a royal mummy
 86869 | Tomb:1   | Killed a royal mummy
 86877 | Tomb:1   | Noticed a royal mummy
 86878 | Tomb:1   | Noticed a royal mummy
 86948 | Tomb:1   | Killed a royal mummy
 86948 | Tomb:1   | Killed a royal mummy
 86951 | Tomb:1   | Noticed a royal mummy
 86954 | Tomb:1   | Killed a royal mummy
 87145 | Tomb:1   | Noticed a royal mummy
 87150 | Tomb:1   | Killed a royal mummy
 87150 | Tomb:1   | Lost strength.
 87162 | Tomb:1   | Noticed a royal mummy
 87230 | Tomb:1   | Killed a royal mummy
 87322 | Tomb:1   | Noticed a royal mummy
 87322 | Tomb:1   | Noticed Boris
 87324 | Tomb:1   | Killed a royal mummy
 87324 | Tomb:1   | Killed Boris
 87326 | Tomb:1   | Noticed a royal mummy
 87330 | Tomb:1   | Killed a royal mummy
 87330 | Tomb:1   | Noticed a royal mummy
 87331 | Tomb:1   | Reached skill level 23 in Throwing
 87433 | Tomb:1   | Killed a royal mummy
 87434 | Tomb:1   | Noticed a royal mummy
 87437 | Tomb:1   | Killed a royal mummy
 87547 | Tomb:1   | Noticed a royal mummy
 87549 | Tomb:1   | Killed a royal mummy
 87680 | Tomb:1   | Noticed a royal mummy
 87682 | Tomb:1   | Killed a royal mummy
 87805 | Tomb:1   | Noticed a royal mummy
 87808 | Tomb:1   | Killed a royal mummy
 87916 | Tomb:1   | Noticed a royal mummy
 87919 | Tomb:1   | Killed a royal mummy
 88013 | Tomb:1   | Noticed a royal mummy
 88020 | Tomb:1   | Killed a royal mummy
 88021 | Tomb:1   | Reached skill level 26 in Earth Magic
 88296 | Tomb:1   | Noticed a royal mummy
 88299 | Tomb:1   | Killed a royal mummy
 88342 | Tomb:1   | Noticed a royal mummy
 88344 | Tomb:1   | Killed a royal mummy
 88378 | Tomb:1   | Noticed a royal mummy
 88380 | Tomb:1   | Killed a royal mummy
 88530 | Tomb:1   | Noticed a royal mummy
 88531 | Tomb:1   | Noticed a royal mummy
 88533 | Tomb:1   | Killed a royal mummy
 88534 | Tomb:1   | Killed a royal mummy
 88675 | Tomb:1   | Noticed a royal mummy
 88680 | Tomb:1   | Killed a royal mummy
 88681 | Tomb:1   | Reached skill level 16 in Short Blades
 88794 | Tomb:1   | Noticed a royal mummy
 88800 | Tomb:1   | Killed a royal mummy
 88827 | Tomb:2   | Noticed a royal mummy
 88827 | Tomb:2   | Noticed a royal mummy
 88829 | Tomb:2   | Killed a royal mummy
 88829 | Tomb:2   | Noticed a royal mummy
 88830 | Tomb:2   | Killed a royal mummy
 88832 | Tomb:2   | Killed a royal mummy
 88962 | Tomb:2   | Reached skill level 13 in Shapeshifting
 89075 | Tomb:2   | Noticed a royal mummy
 89076 | Tomb:2   | Noticed a royal mummy
 89078 | Tomb:2   | Killed a royal mummy
 89078 | Tomb:2   | Killed a royal mummy
 89079 | Tomb:2   | Reached skill level 24 in Ice Magic
 89173 | Tomb:2   | Identified the +0 sling "Suizech" {freeze, rElec rN+
                  | Will+++ Int-4}
 89429 | Tomb:3   | Entered Level 3 of the Tomb of the Ancients
 89440 | Tomb:3   | Noticed a royal mummy
 89440 | Tomb:3   | Noticed a royal mummy
 89442 | Tomb:3   | Killed a royal mummy
 89443 | Tomb:3   | Noticed Boris
 89564 | Tomb:3   | Killed a royal mummy
 89565 | Tomb:3   | Noticed a royal mummy
 89567 | Tomb:3   | Reached skill level 17 in Short Blades
 89570 | Tomb:3   | Killed a royal mummy
 89570 | Tomb:3   | Killed Boris
 89571 | Tomb:3   | Noticed a royal mummy
 89574 | Tomb:3   | Noticed a royal mummy
 89575 | Tomb:3   | Reached skill level 24 in Throwing
 89575 | Tomb:3   | Killed a royal mummy
 89576 | Tomb:3   | Killed a royal mummy
 89577 | Tomb:3   | Noticed a royal mummy
 89577 | Tomb:3   | Noticed a royal mummy
 89699 | Tomb:3   | Killed a royal mummy
 89706 | Tomb:3   | Noticed a royal mummy
 89708 | Tomb:3   | Killed a royal mummy
 89709 | Tomb:3   | Reached skill level 22 in Fighting
 89719 | Tomb:3   | Killed a royal mummy
 89982 | Tomb:3   | Identified the +10 sling of Vomur {speed, Fragile rF- rN+++
                  | Int+4}
 90003 | Tomb:3   | Identified the +5 flail "Meophour" {freeze, Str+3}
 90084 | Tomb:3   | Got a golden rune of Zot
 90531 | Zig:1    | Entered Level 1 of a ziggurat
 90546 | Zig:2    | Entered Level 2 of a ziggurat
 90564 | Zig:3    | Entered Level 3 of a ziggurat
 90575 | Zig:3    | Identified the +2 sling "Ydyetig" {freeze, Str+5}
 90576 | Zig:3    | Identified the +4 great mace "Keefec" {freeze, MP+9 Int+2}
 90583 | Zig:4    | Entered Level 4 of a ziggurat
 90603 | Zig:4    | Identified the amulet "Oneew" {Spirit Slay+2}
 90615 | Zig:5    | Entered Level 5 of a ziggurat
 90650 | Zig:6    | Entered Level 6 of a ziggurat
 90653 | Zig:6    | Identified the +5 tower shield of Faisuhor {*Corrode rF+
                  | Dex+4}
 90656 | Zig:6    | Reached skill level 21 in Shields
 90694 | Zig:6    | Identified the amulet of Symmetry {RegenMP Regen+ Int+2}
 90709 | Zig:6    | Identified the +1 broad axe of Nyh Viank {heavy, Str+4}
 90714 | Zig:7    | Entered Level 7 of a ziggurat
 90720 | Zig:7    | Killed an ancient lich
 90721 | Zig:7    | Reached skill level 14 in Shapeshifting
 90734 | Zig:7    | Reached skill level 18 in Short Blades
 90750 | Zig:8    | Entered Level 8 of a ziggurat
 90760 | Zig:8    | Noticed Hulut the pandemonium lord
 90762 | Zig:8    | Killed Hulut the pandemonium lord
 90775 | Zig:8    | Identified the ring "Emmalinn" {Contam rF+ Dex+5}
 90778 | Zig:8    | Identified the +8 scale mail of Lifelessness {Rampage Drain
                  | +Inv Stlth+}
 90795 | Zig:8    | Reached skill level 19 in Short Blades
 90800 | Zig:9    | Identified the of Bomnapi
 90800 | Zig:9    | Entered Level 9 of a ziggurat
 90810 | Zig:9    | Found the +16 obsidian axe {drain, demonic, Mesm Drain Fly
                  | SInv}
 90859 | Zig:10   | Entered Level 10 of a ziggurat
 90879 | Zig:10   | Identified the +8 chain mail of Foasch {rCorr Str+2}
 90884 | Zig:10   | Identified the +5 scale mail of Luwin {Regen+ SInv}
 90886 | Zig:10   | Identified the +9 battleaxe of Grandeur {flame, rPois
                  | Str+3}
 90893 | Zig:10   | Identified the +1 dagger "Jyczov" {protect, Int+6 Dex+3}
 90907 | Zig:11   | Entered Level 11 of a ziggurat
 90920 | Zig:11   | Noticed a dread lich
 90922 | Zig:11   | Killed a dread lich
 90931 | Zig:11   | Reached skill level 25 in Throwing
 90944 | Zig:11   | Identified the +1 dagger of Ecibe {holy, rCorr Str-3 SInv}
 90950 | Zig:11   | Identified the +8 rapier "Beetlebane" {freeze, +Blink rF-
                  | rC+++ Str-2}
 90955 | Zig:11   | Reached skill level 20 in Short Blades
 90963 | Zig:11   | Identified the ring "Ydirr" {rPois rF+ Int+3}
 90976 | Zig:12   | Entered Level 12 of a ziggurat
 90985 | Zig:12   | Noticed Kemmyac the pandemonium lord
 90985 | Zig:12   | Noticed Kiutoysycw the pandemonium lord
 90987 | Zig:12   | Killed Kiutoysycw the pandemonium lord
 90990 | Zig:12   | Noticed Ucrulaz the pandemonium lord
 90992 | Zig:12   | Killed Kemmyac the pandemonium lord
 90996 | Zig:12   | Killed Ucrulaz the pandemonium lord
 91009 | Zig:12   | Identified the +4 scimitar of Okawaru's Hatred {drain,
                  | Int+5 SInv}
 91012 | Zig:12   | Identified the +5 scimitar of Indignation {chaos, Fragile
                  | Str+2 Int+6 Dex-3}
 91028 | Zig:13   | Entered Level 13 of a ziggurat
 91045 | Zig:13   | Reached skill level 15 in Shapeshifting
 91055 | Zig:13   | Reached skill level 21 in Short Blades
 91081 | Zig:13   | Identified the ring of Temptation {Ice +Blink Str-5 Dex+6
                  | Stlth+}
 91100 | Zig:14   | Identified the "Peiwn"
 91100 | Zig:14   | Entered Level 14 of a ziggurat
 91114 | Zig:14   | Noticed a seraph
 91116 | Zig:14   | Noticed a seraph
 91118 | Zig:14   | Killed a seraph
 91119 | Zig:14   | Killed a seraph
 91145 | Zig:14   | Found the macabre finger necklace {Finger+ rN+}
 91162 | Zig:14   | Identified the amulet of Laheh {Will+ Regen+ MP+9 Str+3
                  | SInv}
 91180 | Zig:14   | Identified the +0 pair of boots "Loetigg" {rElec rCorr
                  | Int-4}
 91194 | Zig:15   | Entered Level 15 of a ziggurat
 91209 | Zig:15   | Noticed a dread lich
 91211 | Zig:15   | Killed a dread lich
 91217 | Zig:15   | Noticed a dread lich
 91219 | Zig:15   | Killed a dread lich
 91220 | Zig:15   | Reached skill level 22 in Short Blades
 91221 | Zig:15   | Noticed an ancient lich
 91222 | Zig:15   | Killed an ancient lich
 91362 | Zig:16   | Identified the "Seabu"
 91362 | Zig:16   | Entered Level 16 of a ziggurat
 91378 | Zig:16   | Noticed a royal mummy
 91379 | Zig:16   | Killed a royal mummy
 91380 | Zig:16   | Reached skill level 16 in Shapeshifting
 91385 | Zig:16   | Noticed a royal mummy
 91387 | Zig:16   | Noticed a royal mummy
 91388 | Zig:16   | Reached skill level 23 in Fighting
 91388 | Zig:16   | Killed a royal mummy
 91388 | Zig:16   | Noticed a royal mummy
 91388 | Zig:16   | Noticed a royal mummy
 91389 | Zig:16   | Killed a royal mummy
 91389 | Zig:16   | Noticed a royal mummy
 91390 | Zig:16   | Killed a royal mummy
 91390 | Zig:16   | Noticed a royal mummy
 91390 | Zig:16   | Noticed a royal mummy
 91391 | Zig:16   | Reached skill level 22 in Shields
 91391 | Zig:16   | Killed a royal mummy
 91393 | Zig:16   | Killed a royal mummy
 91393 | Zig:16   | Killed a royal mummy
 91393 | Zig:16   | Killed by a royal mummy's death curse

Illustrated notes

Levels and vault maps discovered:
D:1:      heliophobic_arrival_enchanted_forest, layout_rooms, serial_shops, shop
D:2:      minmay_general_purpose_star, layout_basic, grunt_ministairs_3,
          minivault_23
D:3:      layout_rooms, mainiacjoe_overflow_concentric_impassable,
          jmf_multi_god_temple, nicolae_uskayaw_suspiria, serial_undead,
          serial_undead_a, serial_undead_d, serial_undead_f, serial_undead_c,
          minmay_misc_feat_chi, nicolae_twisty_statue_hallways, uniq_grinder
D:4:      layout_basic, marbit_many_paths, old_standard_altar,
          lemuel_crystal_altar, nicolae_overflow_crystal_walls, serial_shops,
          nicolae_shop_back_alley_shop, moated_statue, uniq_robin
D:5:      layout_cave_pools, riverfiend_overflow_shadow_ancestor,
          mainiacjoe_overflow_boulevard, lemuel_round_altar,
          nicolae_shop_gadgets, uniq_ijyb
D:6:      corexii_shack_village, layout_basic, pdpol_wu_jian_five_deadly_venoms,
          old_standard_altar, nicolae_tso_swordbearing_angel,
          portal_sewer_entry_b, nicolae_wooded_promenade, uniq_sigmund
D:7:      layout_loops_corners, minmay_temple_entry_statues_pillars,
          gammafunk_ghost_wrathful_warriors, corexii_checkpoint,
          minmay_crystal_room
D:8:      layout_rooms, dpeg_lair_monsters, feat_on_display, uniq_jeremiah
D:9:      layout_rooms, tgw_trog, kennysheep_potato
D:10:     layout_rooms, grunt_decor_cap, moated_statue, dk_noncrumbling_2,
          the_hattery, uniq_maggie
D:11:     layout_stronghold, serial_demonic, serial_demonic_g, serial_demonic_b,
          serial_demonic_c, serial_demonic_b, nicolae_hexahallways,
          nicolae_ashenzari_panopticon
D:12:     layout_cave_pools, orc_0_dummy, reono_crystal_passage, uniq_nergalle,
          uniq_psyche, uniq_kirke
D:13:     layout_loops_cross, lightli_vaults_fourway_checkpoint,
          grunt_ministairs_15
D:14:     layout_stronghold, kennysheep_flooded_box, lemuel_nasty_fountain
D:15:     hellmonk_depths_entry_around_the_bend, layout_loops_ring,
          grunt_decor_mini_mirrors, uniq_rupert, uniq_jorgrun
Temple:   corrupted_temple
Lair:1:   layout_small_grid, grunt_megastairs_4
Lair:2:   beast_lair_carwin_large_2, layout_hall_layers
Lair:3:   layout_regular_city, minmay_swamp_entry_reptiles, dummy_spider_entry,
          kilobyte_rumbling_trees, grunt_megastairs_3
Lair:4:   layout_long_grid, slime_entry_1, forest_entry_grove
Lair:5:   guppyfry_lair_end_dragon, layout_regular_city,
          hangedman_lair_tendril_chambers, nicolae_lair_lil_pond,
          serial_bayou_shore_a
Swamp:1:  layout_basic_swamp, hangedman_swamp_ruin_hall, swamp_pool_3,
          hangedman_swamp_diagram
Swamp:2:  layout_basic_swamp, ebering_ghost_funeral_grove, serial_swamp_ruin,
          evilmike_swamp_ruin_house_5, evilmike_swamp_ruin_house_4
Swamp:3:  layout_falls_marsh, evilmike_swamp_ruin_wall
Swamp:4:  byrel_swamp_growth_death_and_undeath, layout_basic_swamp, swamp_pool_5
Spider:1: layout_spider_delve, einodemon_crawler_minivault
Spider:2: layout_spider_delve, nicolae_spider_bzzzt
Spider:3: layout_cave_pods, nicolae_spider_cling_halls, uniq_louise
Spider:4: grunt_spider_rune_island, nicolae_spider_swamp_cousins, uniq_arachne,
          uniq_roxanne
Slime:1:  layout_caves
Slime:2:  layout_caves
Slime:3:  layout_caves
Slime:4:  layout_caves, nicolae_slime_crime_time
Slime:5:  slime_pit_nicolae_amoeboid
Orc:1:    layout_caves, mines1_david, uniq_snorg
Orc:2:    hellmonk_orc_salted, layout_caves, mines1_david
Elf:1:    elf_arrival_002, layout_gridlike, minivault_28,
          serial_library_hellmonk_reading_circle, grunt_ministairs_11,
          hangedman_elf_disciples, uniq_zenata
Elf:2:    nicolae_elf_blades_splatter_lattice [nicolae_blade_little_rooms],
          layout_geoelf_grid, uniq_nikola
Elf:3:    elf_hall, layout_geoelf_grid, serial_shops, shop
Vaults:1: infiniplex_enter_wizlab_water, nicolae_vaults_storage_room_doors,
          nicolae_vaults_minivaults, v_rooms_3, v_misc_8,
          nicolae_vaults_apartment_2, v_misc_4, layout_vaults_omnigrid
Vaults:2: hangedman_vaults_restitches, nicolae_vaults_storage_closets_3,
          minmay_crypt_entry_simple_round, nicolae_vaults_network_barrier,
          nicolae_vaults_closet_pinwheel_2, nicolae_vaults_trapezoid_1,
          nicolae_vaults_yaktaur_gun_rack, nicolae_vaults_alarming, v_misc_16,
          ontoclasm_vaults_ring_large, layout_vaults_maze, serial_shops,
          nicolae_shop_tiny_glass, uniq_aizul, uniq_mennas, uniq_boris,
          uniq_norris
Vaults:3: v_alt_pattern_1, vaults_mumra_lcd, vaults_room_semicircle,
          nicolae_vaults_frosty_reception, vaults_room_ringed_pool,
          grunt_vaults_hallway_long, v_rooms_1, hangedman_vaults_trim,
          nicolae_vaults_closet_pinwheel_1, hangedman_vaults_slice,
          st_more_cells, layout_vaults_big_room
Vaults:4: special_room_vaults [special_room_orc], nicolae_vaults_tangram_2,
          v_misc_26, nicolae_vaults_lightning_bolt, grunt_vaults_swirl,
          nicolae_vaults_meiosis, v_alt_pattern_3, vaults_mumra_hexcomb,
          nicolae_vaults_bisected_slash, nicolae_vaults_heart-shaped_vault,
          nicolae_vaults_mini_display_case, layout_vaults_ring
Vaults:5: serial_shops
Crypt:1:  layout_gridlike, special_room [special_room_morgue], basic_altar,
          hex_medium
Crypt:2:  layout_misc_corridors, nicolae_crypt_knee_deep_in_the_dead
Crypt:3:  church_of_pain_bobbens, layout_chaotic_city,
          tomb_entry_sphere_bobbens, uniq_xtahua
Tomb:1
Tomb:2
Tomb:3
Depths:1: nicolae_hexawheel, layout_long_grid, enter_ziggurat_d, hell_entry,
          abyss_entry, chequers_decorated_corner, wad_dig_loot, uniq_mara
Depths:2: nicolae_aperiodic_l_corner, layout_cave_shapes,
          grunt_pan_entry_in_and_out, kiku_gazebo_garden_becter,
          grunt_hell_entry_dis_mu, nrook_pool_corridor
Depths:3: minmay_coctagon, layout_gridlike, minmay_misc_feat_five,
          grunt_mini_vestibule, hangedman_abyss_entry_splay,
          nicolae_diode_stairs, serial_bayou_shore_b, uniq_vv
Depths:4: evilmike_zot_entry_hall, layout_gridlike, serial_shops, shop,
          hell_entry, hangedman_ru_absence, nicolae_transporter_intersection,
          minmay_shop_grove
Hell
Dis:1:    layout_gridville
Dis:2:    layout_regular_city
Dis:3:    layout_regular_city, nicolae_dis_grated_feature
Dis:4:    nicolae_dis_pentagon_1, layout_jigsaw
Dis:5:    grunt_dis_stairs_iron_hall
Dis:6:    layout_regular_city
Dis:7:    dis_st
Geh:1:    layout_gehenna_pools_triple, nicolae_geh_gnashing_of_teeth
Geh:2:    layout_gehenna_pools_triple, nicolae_hells_hurtin_island
Geh:3:    layout_gehenna_pools_box
Geh:4:    layout_gehenna_lava_caves
Geh:5:    layout_gehenna_pools_box
Geh:6:    layout_gehenna_pools_box, nicolae_hells_seeping_fissure
Geh:7:    geh_grunt_pentagon
Coc:1:    layout_cocytus_delve
Coc:2:    layout_ice_bergs
Coc:3:    layout_cocytus_water_paths
Coc:4:    layout_cocytus_water_paths
Coc:5:    layout_ice_bergs
Coc:6:    layout_cocytus_water_paths
Coc:7:    coc_grunt_cove [coc_grunt_cove_antaeus, coc_grunt_cove_fiend,
          coc_grunt_cove_fiend, coc_grunt_cove_fiend, coc_grunt_cove_fiend]
Tar:1:    layout_grid_maze
Tar:2:    layout_cathedral_of_symmetry
Tar:3:    layout_grid_maze
Tar:4:    layout_grid_maze, nicolae_tar_windowcombs
Tar:5:    layout_catacombs, evilmike_ambush [evilmike_ambush_outer_pillars,
          evilmike_ambush_inner_wall_2]
Tar:6:    layout_cathedral_of_symmetry
Tar:7:    tar_old
Zot:1:    layout_twisted_circle, skrybe_zot_glass_2, zot_minivault_2
Zot:2:    gammafunk_mikee_crab_dinner, layout_misc_corridors
Zot:3:    nicolae_zot_draconian_monastery, layout_twisted_circle
Zot:4:    layout_misc_corridors, regret_index_zotdec_decaying_vile
Zot:5:    layout_cathedral_of_symmetry, nicolae_tricolors
Zig:16

Skill      XL: |  1  2  3  4  5  6  7  8  9 10 11 12 13 14 15 16 17 18 19 20 21 22 23 24 25 26 27 |
---------------+----------------------------------------------------------------------------------+-----
Conjurations   | 2 3 4 5 6 8 9 10 12 13 14 15 16 17 18 19 20 21 22 23 25 | 25.0
Dodging        | 3 4 5 6 7 8 9 10 11 12 13 14 15 16 17 18 19 21 | 21.0
Spellcasting   | 4 5 6 8 10 11 12 13 14 15 16 17 18 19 20 21 22 26 | 26.0
Fire Magic     | 4 5 6 7 8 9 11 12 13 14 15 16 17 18 19 20 25 | 25.0
Fighting       | 1 2 3 4 5 6 7 8 9 10 11 12 13 14 23 | 23.0
Evocations     | 3 5 6 7 8 9 10 11 12 13 14 15 16 18 | 18.0
Shields        | 2 3 4 5 6 7 8 9 10 11 12 22 | 22.0
Air Magic      | 3 5 6 7 8 9 10 11 12 13 14 17 | 17.0
Translocations | 2 5 6 20 | 20.0
Transmutations | 2 4 5 |  5.0
Armour         | 4 5 10 | 10.0
Shapeshifting  | 2 5 16 | 16.1
Earth Magic    | 26 | 26.0
Staves         | 12 | 12.0
Stealth        | 10 | 10.0
Ice Magic      | 24 | 24.0
Throwing       | 25 | 25.0
Short Blades   | 22 | 22.4

Action                     |  1- 3 |  4- 6 |  7- 9 | 10-12 | 13-15 | 16-18 | 19-21 | 22-24 | 25-27 || total
---------------------------+-------+-------+-------+-------+-------+-------+-------+-------+-------++-------
  Melee: Unarmed           |    12 |     8 |       |       |       |       |       |       |       ||    20
         Spear             |     6 |     1 |       |       |       |       |       |       |       ||     7
         Whip              |       |     7 |    88 |    56 |    18 |       |       |       |       ||   169
         Punch             |       |       |     1 |       |       |       |       |       |       ||     1
         Staff             |       |       |       |       |       |     6 |     7 |    41 |   607 ||   661
  Throw: Javelin           |       |       |       |       |       |       |       |       |     5 ||     5
   Cast: Foxfire           |    48 |       |     2 |       |       |       |       |       |       ||    50
         Scorch            |     3 |    71 |   225 |   196 |    74 |     1 |       |       |       ||   570
         Volatile Blastmot |       |       |     2 |    31 |       |       |       |       |       ||    33
         Starburst         |       |       |       |    53 |    33 |     5 |       |       |       ||    91
         Brom's Barrelling |       |       |       |    14 |    25 |     5 |       |       |     4 ||    48
         Flame Wave        |       |       |       |    11 |    31 |    62 |       |       |       ||   104
         Sticky Flame      |       |       |       |     5 |    15 |     7 |     1 |     4 |     4 ||    36
         Orb of Destructio |       |       |       |     5 |    12 |    42 |    64 |    70 |   373 ||   566
         Fireball          |       |       |       |       |   309 |   408 |    84 |   468 |   386 ||  1655
         Ignition          |       |       |       |       |       |    53 |    21 |   131 |    51 ||   256
         Irradiate         |       |       |       |       |       |    16 |     8 |    19 |    98 ||   141
         Maxwell's Capacit |       |       |       |       |       |       |       |     3 |    27 ||    30
         Blink             |       |       |       |       |       |       |       |     2 |    13 ||    15
         Fire Storm        |       |       |       |       |       |       |       |       |  1172 ||  1172
         Shatter           |       |       |       |       |       |       |       |       |   674 ||   674
         Polar Vortex      |       |       |       |       |       |       |       |       |    17 ||    17
         Disjunction       |       |       |       |       |       |       |       |       |     1 ||     1
  Evoke: Wand              |       |       |     3 |     2 |     1 |     7 |       |       |    13 ||    26
         Figurine of a zig |       |       |       |       |       |       |       |       |     1 ||     1
    Use: Scroll            |       |     1 |    11 |    10 |     7 |     3 |       |     8 |    23 ||    63
         Potion            |       |       |     4 |     4 |       |       |     3 |     2 |    34 ||    47
   Stab: Sleeping          |     1 |       |       |       |       |       |       |       |     2 ||     3
         Confused          |       |     1 |       |       |       |       |       |       |       ||     1
         Distracted        |       |       |     1 |       |       |       |       |       |     2 ||     3
 Armour: Robe              |    19 |    12 |   120 |   114 |    77 |    92 |    27 |    63 |   339 ||   863
         Skin              |       |       |       |     6 |       |       |       |       |       ||     6
  Dodge: Dodged            |    27 |    31 |   167 |   134 |    99 |    79 |    30 |    93 |   721 ||  1381
         Repelled          |       |       |       |       |     7 |     8 |       |    12 |     8 ||    35
  Block: Buckler           |       |       |       |    11 |    42 |    22 |     1 |       |       ||    76
         Kite shield       |       |       |       |       |       |       |    14 |    72 |   494 ||   580
         Tower shield      |       |       |       |       |       |       |       |       |   323 ||   323
Riposte: Staff             |       |       |       |       |     3 |    18 |     5 |    36 |   382 ||   444

Table legend: (Time is in decaauts)
 A = Elapsed time spent in this place.
 B = Non-inter-level travel time spent in this place.
 C = Inter-level travel time spent in this place.
 D = Time resting spent in this place.
 E = Time spent auto-exploring this place.
 F = Levels seen in this place.
 G = Mean time per level.
                   A        B        C        D        E       F      G
               +--------+--------+--------+--------+--------+-----+--------+
         Total |  92356 |  82573 |   9783 |  18766 |  30586 | 161 |  573.6 |
       Dungeon |  17851 |  14127 |   3724 |   3863 |   7268 |  15 | 1190.1 |
        Temple |     28 |     14 |     14 |      0 |      0 |   1 |   28.0 |
          Lair |   7703 |   7100 |    603 |   1839 |   3686 |   5 | 1540.6 |
         Swamp |   4385 |   4140 |    245 |    738 |   1159 |   4 | 1096.2 |
   Spider Nest |   4931 |   3953 |    978 |    715 |   2278 |   4 | 1232.8 |
    Slime Pits |    764 |    702 |     62 |    264 |     45 |   5 |  152.8 |
  Orcish Mines |   2073 |   1666 |    407 |    579 |    758 |   2 | 1036.5 |
   Elven Halls |   3114 |   2649 |    465 |    344 |   1504 |   3 | 1038.0 |
        Vaults |   6644 |   6028 |    616 |    834 |   3707 |   5 | 1328.8 |
         Crypt |   3844 |   3448 |    396 |    727 |   1624 |   3 | 1281.3 |
          Tomb |   3240 |   2971 |    269 |    958 |    959 |   3 | 1080.0 |
        Depths |   5722 |   4656 |   1066 |    799 |   2704 |   4 | 1430.5 |
          Hell |   1140 |   1021 |    119 |    459 |    335 |   1 | 1140.0 |
           Dis |   2514 |   2478 |     36 |    728 |      0 |   7 |  359.1 |
       Gehenna |   1944 |   1876 |     68 |    820 |      0 |   7 |  277.7 |
       Cocytus |   1554 |   1503 |     51 |    452 |      0 |   7 |  222.0 |
      Tartarus |   1919 |   1722 |    197 |    543 |      0 |   7 |  274.1 |
           Zot |   5421 |   4961 |    460 |   1024 |   2209 |   5 | 1084.2 |
         Abyss |    975 |    975 |      0 |    111 |     31 |   3 |  325.0 |
   Pandemonium |  11148 |  11148 |      0 |   1723 |   1777 |  25 |  445.9 |
      Ziggurat |   3572 |   3572 |      0 |    563 |    116 |  43 |   83.1 |
         Sewer |   1086 |   1086 |      0 |    407 |    382 |   1 | 1086.0 |
        Wizlab |    773 |    773 |      0 |    275 |     40 |   1 |  773.0 |
               +--------+--------+--------+--------+--------+-----+--------+

Top non-repeatable levels by time:
  Tomb:1: 2151 daAuts
Spider:1: 2130 daAuts
  Lair:5: 2045 daAuts
  Lair:1: 2039 daAuts
     D:8: 2004 daAuts
 Crypt:3: 1996 daAuts
    D:11: 1954 daAuts
Vaults:5: 1869 daAuts
 Swamp:4: 1827 daAuts
  Lair:3: 1614 daAuts
Depths:4: 1562 daAuts
    D:12: 1519 daAuts
   Dis:7: 1485 daAuts
    D:15: 1463 daAuts
Spider:3: 1447 daAuts
